Workbook

Sheet Cover
B24: ESTIMATE
B31: FOR
B38: EXTERNAL AND INTERNAL REFURBISHMENT OF EXISTING APARTMENTS
B47: PROJECT:EXTERNAL AND INTERNAL REFURBISHMENT OF EXISTING APARTMENTS
B57: DATE: 29TH OCTOBER 2025

Sheet Qual, Excl & Assum
B2: =Cover!B47 -> PROJECT:EXTERNAL AND INTERNAL REFURBISHMENT OF EXISTING APARTMENTS
B3: =Cover!B57 -> DATE: 29TH OCTOBER 2025
B6: QUALIFICATIONS, ASSUMPTIONS & EXCLUSIONS:
A8: 1 | B8: Qualifications:-
A10: 1.1 | B10: Prices exclude VAT
A11: =+A10+0.1 -> 1.2 | B11: Pre-start meeting and site investigation will be required before commencement on site
A12: =+A11+0.1 -> 1.3 | B12: Provisional sums and PC Sums mentioned within the estimate are subject to re-measure and re-price
A13: =+A12+0.1 -> 1.4 | B13: Changes to drawings, design or specification which deviate from the information used as stated below may be subject to further cost
A14: =+A13+0.1 -> 1.5 | B14: Site inspections to be carried out, this may cause additions/omissions to the tender documents
A15: =+A14+0.1 -> 1.6 | B15: All quantities are re-measurable and used for indicative purposes only and are subject to re-measure once the project has commenced
A16: =+A15+0.1 -> 1.7 | B16: All M&E is provisional sum (as no detailed design has been provided) and a detailed design will be required in order to finalise costs
A17: =+A16+0.1 -> 1.8 | B17: We have assumed free unfettered access and normal working hours to the site
A18: =+A17+0.1 -> 1.9 | B18: The prices are valid for 8 weeks and we assume that works will commence within 12 weeks from the date of this estimate
A19: 1.1 | B19: No level surveys have been provided so all excavation quantities are provisional
A20: 1.11 | B20: There may be some items where alternative specification is used and these may differ to the specification provided
A21: 1.12 | B21: Any items not mentioned within this estimate have been specifically excluded and will be subject to further costs
A23: 2 | B23: The following items are to be organised and paid for by the client and are excluded from the total cost:
A25: 2.1 | B25: Building insurance
A26: 2.2 | B26: Utility and council tax bills
A27: 2.3 | B27: Party Wall costs and complying with conditions
A28: 2.4 | B28: Building control and costs
A29: 2.5 | B29: Structural engineers' and building regulation details
A30: 2.6 | B30: Specialist surveys
A31: 2.7 | B31: Topographical surveys
A32: 2.8 | B32: CCTV drainage surveys
... A70: 4.16 | B70: A/C

Sheet Documents
B2: =+Cover!B47 -> PROJECT:EXTERNAL AND INTERNAL REFURBISHMENT OF EXISTING APARTMENTS
B3: =+Cover!B57 -> DATE: 29TH OCTOBER 2025
B5: INFORMATION USED
B7: The information used in the preparation of this estimate are as listed below:
B9: Document reference:
B11: HR91-02-1001
B12: HR91-02-1002
B13: HR91-02-1003
B14: HR91-02-1004
B15: HR91-02-1005
B16: PHOTOS

Sheet Summary
B2: =+Documents!B2 -> PROJECT:EXTERNAL AND INTERNAL REFURBISHMENT OF EXISTING APARTMENTS
B3: =+Documents!B3 -> DATE: 29TH OCTOBER 2025
F4: TOTALS
B5: SUMMARY | F5: LABOUR | G5: MATERIALS | H5: L MARKUP | I5: M MARKUP | K5: Check | L5: {=CheckMissingTabs(B7:B26)} -> #NAME?
B7: Structural Steelwork | D7: =+'Structural Steelwork'!F16 -> 0 | F7: =+'Structural Steelwork'!K16 -> 0 | G7: =+'Structural Steelwork'!L16 -> 0 | H7: =+'Structural Steelwork'!M16 -> 0 | I7: =+'Structural Steelwork'!N16 -> 0 | K7: =+F7+G7+I7+H7-D7 -> 0
B9: Windows, Doors & Rooflights | D9: =+'Windows, Doors & Rooflights'!H29 -> 0 | F9: =+'Windows, Doors & Rooflights'!M29 -> 0 | G9: =+'Windows, Doors & Rooflights'!N29 -> 0 | H9: =+'Windows, Doors & Rooflights'!O29 -> 0 | I9: =+'Windows, Doors & Rooflights'!P29 -> 0 | K9: =+F9+G9+I9+H9-D9 -> 0
B11: Partitions | D11: =+Partitions!F154 -> 0 | F11: =+Partitions!K154 -> 0 | G11: =+Partitions!L154 -> 0 | H11: =+Partitions!M154 -> 0 | I11: =+Partitions!N154 -> 0 | K11: =+F11+G11+I11+H11-D11 -> 0
B13: Joinery | D13: =+Joinery!F45 -> 0 | F13: =+Joinery!K45 -> 0 | G13: =+Joinery!L45 -> 0 | H13: =+Joinery!M45 -> 0 | I13: =+Joinery!N45 -> 0 | K13: =+F13+G13+I13+H13-D13 -> 0
B15: Decoration | D15: =+Decoration!F15 -> 0 | F15: =+Decoration!K15 -> 0 | G15: =+Decoration!L15 -> 0 | H15: =+Decoration!M15 -> 0 | I15: =+Decoration!N15 -> 0 | K15: =+F15+G15+I15+H15-D15 -> 0
B17: Floor Finishes | D17: =+'Floor finishes'!F18 -> 0 | F17: =+'Floor finishes'!K18 -> 0 | G17: =+'Floor finishes'!L18 -> 0 | H17: =+'Floor finishes'!M18 -> 0 | I17: =+'Floor finishes'!N18 -> 0 | K17: =+F17+G17+I17+H17-D17 -> 0
B19: Wall Finishes | D19: =+'Wall finishes'!F22 -> 0 | F19: =+'Wall finishes'!K22 -> 0 | G19: =+'Wall finishes'!L22 -> 0 | H19: =+'Wall finishes'!M22 -> 0 | I19: =+'Wall finishes'!N22 -> 0 | K19: =+F19+G19+I19+H19-D19 -> 0
B21: Kitchens & Bathrooms | D21: =+'Kitchens & Bathrooms'!F43 -> 0 | F21: =+'Kitchens & Bathrooms'!K43 -> 0 | G21: =+'Kitchens & Bathrooms'!L43 -> 0 | H21: =+'Kitchens & Bathrooms'!M43 -> 0 | I21: =+'Kitchens & Bathrooms'!N43 -> 0 | K21: =+F21+G21+I21+H21-D21 -> 0
B23: Electrical | D23: =+Electrical!F14 -> 0 | F23: =+Electrical!K14 -> 0 | G23: =+Electrical!L14 -> 0 | H23: =+Electrical!M14 -> 0 | I23: =+Electrical!N14 -> 0 | K23: =+F23+G23+I23+H23-D23 -> 0
B25: Mechanical | D25: =+Mechanical!F15 -> 0 | F25: =+Mechanical!K15 -> 0 | G25: =+Mechanical!L15 -> 0 | H25: =+Mechanical!M15 -> 0 | I25: =+Mechanical!N15 -> 0 | K25: =+F25+G25+I25+H25-D25 -> 0
B28: SUB TOTAL | D28: =SUM(D3:D27) -> 0 | F28: =SUM(F6:F26) -> 0 | G28: =SUM(G6:G27) -> 0 | H28: =SUM(H6:H27) -> 0 | I28: =SUM(I6:I27) -> 0 | K28: =+F28+G28+I28+H28-D28 -> 0
B31: TOTAL COST (EXCLUDING VAT) | D31: =+D28 -> 0

Sheet Structural Steelwork
B2: =+'Qual, Excl & Assum'!B2 -> PROJECT:EXTERNAL AND INTERNAL REFURBISHMENT OF EXISTING APARTMENTS
B3: =+'Qual, Excl & Assum'!B3 -> DATE: 29TH OCTOBER 2025
B5: Structural Steelwork & Timberwork | G5: RATES | K5: TOTALS
B7: Description | C7: Quantity | D7: Unit | E7: Rate | F7: Total | G7: Labour | H7: Materials | I7: L Markup | J7: M Markup | K7: Labour | L7: Materials | M7: L Markup | N7: M Markup
A8: =IF(F8<>"",(LARGE(A$7:A7,1)+1),"") | J8: =IF(D8=0," ",(G8+H8)*(Details!$C$4)) | N8: =IF(D8=0," ",(J8*C8))
A9: =IF(F9<>"",(LARGE(A$7:A8,1)+1),"") | B9: STRUCTURAL STEELWORK | Z9: =IF(F9<>"",(LARGE(A$7:A8,1)+1),"") | AA9: STRUCTURAL STEELWORK
A10: =IF(F10<>"",(LARGE(A$7:A9,1)+1),"") | B10: Framing | Z10: =IF(F10<>"",(LARGE(A$7:A9,1)+1),"") | AN10: KG/M
A11: 1 | B11: GL1 Lining Channel' @ 545mm C.R.S | C11: =2.74/0.545*26 -> 130.7156 | D11: m | E11: =G11+H11+J11+I11 -> 0 | F11: =E11*C11 -> 0 | G11: 0 | H11: 0 | I11: =IF(D11=0," ",(G11)*(Details!$C$4+Details!$C$8)) -> 0 | J11: =IF(D11=0," ",(H11)*(Details!$C$6+Details!$C$8)) -> 0 | K11: =+G11*C11 -> 0 | L11: =+H11*C11 -> 0 | M11: =IF(D11=0," ",(I11*C11)) -> 0 | N11: =IF(D11=0," ",(J11*C11)) -> 0 | Z11: 1 | AC11: m | AD11: =G11+H11+J11+I11 -> 0 | AE11: =E11*C11 -> 0 | AF11: =O11*1.75*Details!$M$36 -> 0 | AG11: =O11*3+500/1000*O11*C11 -> 0 | AH11: =IF(D11=0," ",(G11)*(Details!$C$4+Details!$C$8)) -> 0 | AI11: =IF(D11=0," ",(H11)*(Details!$C$6+Details!$C$8)) -> 0 | AJ11: =+G11*C11 -> 0 | AK11: =+H11*C11 -> 0 | AL11: =IF(D11=0," ",(I11*C11)) -> 0 | AM11: =IF(D11=0," ",(J11*C11)) -> 0 | AN11: 0
A12: =IF(F12<>"",(LARGE(A$7:A11,1)+1),"") | Z12: =IF(F12<>"",(LARGE(A$7:A11,1)+1),"")
A13: =IF(F13<>"",(LARGE(A$7:A12,1)+1),"") -> 2 | B13: GL8 Track @ Top & Bottom | C13: =26*2 -> 52 | D13: m | E13: =G13+H13+J13+I13 -> 0 | F13: =E13*C13 -> 0 | G13: 0 | H13: 0 | I13: =IF(D13=0," ",(G13)*(Details!$C$4+Details!$C$8)) -> 0 | J13: =IF(D13=0," ",(H13)*(Details!$C$6+Details!$C$8)) -> 0 | K13: =+G13*C13 -> 0 | L13: =+H13*C13 -> 0 | M13: =IF(D13=0," ",(I13*C13)) -> 0 | N13: =IF(D13=0," ",(J13*C13)) -> 0
A14: =IF(F14<>"",(LARGE(A$7:A13,1)+1),"")
A15: =IF(F15<>"",(LARGE(A$7:A14,1)+1),"") | P15: Check
E16: Sub Total | F16: =SUM(F5:F14) -> 0 | J16: =IF(D16=0," ",(G16+H16)*(Details!$C$4+Details!$C$6)) | K16: =SUM(K5:K15) -> 0 | L16: =SUM(L5:L15) -> 0 | M16: =SUM(M5:M15) -> 0 | N16: =SUM(N5:N15) -> 0 | P16: =+F16-K16-L16-N16-M16 -> 0
A17: =IF(D17=0," ",(LARGE(A$8:A16,1)+1)) | J17: =IF(D17=0," ",(G17+H17)*(Details!$C$4+Details!$C$6))

Sheet Windows, Doors & Rooflights
U1: 1
B2: =+'Qual, Excl & Assum'!B2 -> PROJECT:EXTERNAL AND INTERNAL REFURBISHMENT OF EXISTING APARTMENTS | R2: UPVC | S2: UPVC
B3: =+'Qual, Excl & Assum'!B3 -> DATE: 29TH OCTOBER 2025 | R3: Doors | S3: Windows | T3: Rooflights
R4: =IF($R$2="Multiple", "Input", IF($R$2="UPVC",$U$1*750,0) +IF($R$2="Aluminium",$U$1*1250,0) +IF($R$2="Timber",$U$1*1250,0) +IF($R$2="Composite",$U$1*1500,0) +IF($R$2="Crittall",$U$1*2000,0) ) -> 750 | S4: =IF($S$2="Multiple", "Input", IF($S$2="UPVC",$U$1*250,0) +IF($S$2="Aluminium",$U$1*600,0) +IF($S$2="Timber",$U$1*550,0) +IF($S$2="Composite",$U$1*450,0) +IF($S$2="Crittall",$U$1*1250,0) ) -> 250 | T4: 800
R5: =IF($R$2="Multiple", "Input", "") | S5: =IF($S$2="Multiple", "Input", "")
B6: External Windows, Doors and Rooflights | I6: RATES | M6: TOTALS
B8: Description | E8: Quantity | F8: Unit | G8: Rate | H8: Total | I8: Labour | J8: Materials | K8: L Markup | L8: M Markup | M8: Labour | N8: Materials | O8: L Markup | P8: M Markup
C9: Approx. | D9: Approx. | P9: =IF(F9=0," ",(L9*E9))
B11: *ALL WINDOWS, DOORS AND ROOFLIGHTS ARE CLIENT SUPPLY, WE HAVE ALLOWED FOR INSTALLATION ONLY)
B13: INTERNAL DOORS | C13: Width (mm) | D13: Height (mm) | P13: =IF(F13=0," ",(L13*E13))
P14: =IF(F14=0," ",(L14*E14))
A15: 1 | B15: Ground Floor Exterior Door | C15: 762 | D15: 2134 | E15: 17 | F15: no. | G15: =I15+J15+L15+K15 -> 0 | H15: =G15*E15 -> 0 | I15: 0 | K15: =IF(F15=0," ",(I15)*(Details!$C$4+Details!$C$8)) -> 0 | L15: =IF(F15=0," ",(J15)*(Details!$C$6+Details!$C$8)) -> 0 | M15: =+I15*E15 -> 0 | N15: =+J15*E15 -> 0 | O15: =IF(F15=0," ",(K15*E15)) -> 0 | P15: =IF(F15=0," ",(L15*E15)) -> 0
A17: =IF(F17<>"",(LARGE(A$8:A16,1)+1),"") -> 2 | B17: Ground Floor Exterior Door | C17: 710 | D17: 2032 | E17: 7 | F17: no. | G17: =I17+J17+L17+K17 -> 0 | H17: =G17*E17 -> 0 | I17: 0 | K17: =IF(F17=0," ",(I17)*(Details!$C$4+Details!$C$8)) -> 0 | L17: =IF(F17=0," ",(J17)*(Details!$C$6+Details!$C$8)) -> 0 | M17: =+I17*E17 -> 0 | N17: =+J17*E17 -> 0 | O17: =IF(F17=0," ",(K17*E17)) -> 0 | P17: =IF(F17=0," ",(L17*E17)) -> 0
A18: =IF(F18<>"",(LARGE(A$8:A17,1)+1),"")
A19: =IF(F19<>"",(LARGE(A$8:A18,1)+1),"") -> 3 | B19: Ground Floor Exterior Door | C19: 813 | D19: 2134 | E19: 2 | F19: no. | G19: =I19+J19+L19+K19 -> 0 | H19: =G19*E19 -> 0 | I19: 0 | K19: =IF(F19=0," ",(I19)*(Details!$C$4+Details!$C$8)) -> 0 | L19: =IF(F19=0," ",(J19)*(Details!$C$6+Details!$C$8)) -> 0 | M19: =+I19*E19 -> 0 | N19: =+J19*E19 -> 0 | O19: =IF(F19=0," ",(K19*E19)) -> 0 | P19: =IF(F19=0," ",(L19*E19)) -> 0
A20: =IF(F20<>"",(LARGE(A$8:A19,1)+1),"")
A21: =IF(F21<>"",(LARGE(A$8:A20,1)+1),"") | B21: EXTERNAL WINDOWS | C21: Width (mm) | D21: Height (mm) | K21: =IF(F21=0," ",(I21)*(Details!$C$4+Details!$C$8)) | L21: =IF(F21=0," ",(J21)*(Details!$C$6+Details!$C$8)) | O21: =IF(F21=0," ",(K21*E21)) | P21: =IF(F21=0," ",(L21*E21))
A22: =IF(F22<>"",(LARGE(A$8:A21,1)+1),"")
A23: =IF(F23<>"",(LARGE(A$8:A22,1)+1),"") -> 4 | B23: Ground Floor Window | C23: 1800 | D23: 1800 | E23: 3 | F23: no. | G23: =I23+J23+L23+K23 -> 0 | H23: =G23*E23 -> 0 | I23: 0 | K23: =IF(F23=0," ",(I23)*(Details!$C$4+Details!$C$8)) -> 0 | L23: =IF(F23=0," ",(J23)*(Details!$C$6+Details!$C$8)) -> 0 | M23: =+I23*E23 -> 0 | N23: =+J23*E23 -> 0 | O23: =IF(F23=0," ",(K23*E23)) -> 0 | P23: =IF(F23=0," ",(L23*E23)) -> 0
A24: =IF(F24<>"",(LARGE(A$8:A23,1)+1),"")
A25: =IF(F25<>"",(LARGE(A$8:A24,1)+1),"") -> 5 | B25: Ground Floor Window | C25: 800 | D25: 1800 | E25: 1 | F25: no. | G25: =I25+J25+L25+K25 -> 0 | H25: =G25*E25 -> 0 | I25: 0 | K25: =IF(F25=0," ",(I25)*(Details!$C$4+Details!$C$8)) -> 0 | L25: =IF(F25=0," ",(J25)*(Details!$C$6+Details!$C$8)) -> 0 | M25: =+I25*E25 -> 0 | N25: =+J25*E25 -> 0 | O25: =IF(F25=0," ",(K25*E25)) -> 0 | P25: =IF(F25=0," ",(L25*E25)) -> 0
A26: =IF(F26<>"",(LARGE(A$8:A25,1)+1),"")
A27: =IF(F27<>"",(LARGE(A$8:A26,1)+1),"") | R27: =+H29-M29-N29-P29-O29 -> 0
A28: =IF(F28<>"",(LARGE(A$8:A27,1)+1),"") | K28: =IF(F28=0," ",(I28)*(Details!$C$4+Details!$C$8)) | L28: =IF(F28=0," ",(J28)*(Details!$C$6+Details!$C$8))
A29: =IF(F29=0," ",(LARGE(A$13:A28,1)+1)) | G29: Sub Total | H29: =SUM(H1:H28) -> 0 | L29: =IF(F29=0," ",(I29+J29)*(Details!$C$4+Details!$C$6)) | M29: =SUM(M4:M28) -> 0 | N29: =SUM(N4:N28) -> 0 | O29: =SUM(O4:O28) -> 0 | P29: =SUM(P9:P28) -> 0
L30: =IF(F30=0," ",(I30+J30)*(Details!$C$4+Details!$C$6))

Sheet Partitions
B2: =+'Qual, Excl & Assum'!B2 -> PROJECT:EXTERNAL AND INTERNAL REFURBISHMENT OF EXISTING APARTMENTS
B3: =+'Qual, Excl & Assum'!B3 -> DATE: 29TH OCTOBER 2025
B5: Internal Walls and Partitions | G5: RATES | K5: TOTALS
B7: Description | C7: Quantity | D7: Unit | E7: Rate | F7: Total | G7: Labour | H7: Materials | I7: L Markup | J7: M Markup | K7: Labour | L7: Materials | M7: L Markup | N7: M Markup
N8: =IF(D8=0," ",(J8*C8))
B9: STUDWORK PARTITIONS
B11: Wall Type 1
A13: 1 | B13: Studwork; 25mm x 50mm | C13: =47*2.74 -> 128.78 | D13: m2 | E13: =G13+H13+J13+I13 -> 0 | F13: =E13*C13 -> 0 | G13: 0 | H13: 0 | I13: =IF(D13=0," ",(G13)*(Details!$C$4+Details!$C$8)) -> 0 | J13: =IF(D13=0," ",(H13)*(Details!$C$6+Details!$C$8)) -> 0 | K13: =+G13*C13 -> 0 | L13: =+H13*C13 -> 0 | M13: =IF(D13=0," ",(I13*C13)) -> 0 | N13: =IF(D13=0," ",(J13*C13)) -> 0
A15: =IF(F15<>"",(LARGE(A$7:A14,1)+1),"") -> 2 | B15: Thistle 'Multi-Finish' Skim (2.5mm Thick) | C15: =C13 -> 128.78 | D15: m2 | E15: =G15+H15+J15+I15 -> 0 | F15: =E15*C15 -> 0 | G15: 0 | H15: 0 | I15: =IF(D15=0," ",(G15)*(Details!$C$4+Details!$C$8)) -> 0 | J15: =IF(D15=0," ",(H15)*(Details!$C$6+Details!$C$8)) -> 0 | K15: =+G15*C15 -> 0 | L15: =+H15*C15 -> 0 | M15: =IF(D15=0," ",(I15*C15)) -> 0 | N15: =IF(D15=0," ",(J15*C15)) -> 0
A16: =IF(F16<>"",(LARGE(A$7:A15,1)+1),"")
A17: =IF(F17<>"",(LARGE(A$7:A16,1)+1),"") -> 3 | B17: K118' Insulated Plaster Board (62.5mm Thick) | C17: =47*2.74 -> 128.78 | D17: m2 | E17: =G17+H17+J17+I17 -> 0 | F17: =E17*C17 -> 0 | G17: 0 | H17: 0 | I17: =IF(D17=0," ",(G17)*(Details!$C$4+Details!$C$8)) -> 0 | J17: =IF(D17=0," ",(H17)*(Details!$C$6+Details!$C$8)) -> 0 | K17: =+G17*C17 -> 0 | L17: =+H17*C17 -> 0 | M17: =IF(D17=0," ",(I17*C17)) -> 0 | N17: =IF(D17=0," ",(J17*C17)) -> 0
A18: =IF(F18<>"",(LARGE(A$7:A17,1)+1),"")
A19: =IF(F19<>"",(LARGE(A$7:A18,1)+1),"") -> 4 | B19: Sika Standard Drainage Membrane (6.5 mm) | C19: =C17 -> 128.78 | D19: m2 | E19: =G19+H19+J19+I19 -> 0 | F19: =E19*C19 -> 0 | G19: 0 | H19: 0 | I19: =IF(D19=0," ",(G19)*(Details!$C$4+Details!$C$8)) -> 0 | J19: =IF(D19=0," ",(H19)*(Details!$C$6+Details!$C$8)) -> 0 | K19: =+G19*C19 -> 0 | L19: =+H19*C19 -> 0 | M19: =IF(D19=0," ",(I19*C19)) -> 0 | N19: =IF(D19=0," ",(J19*C19)) -> 0
A20: =IF(F20<>"",(LARGE(A$7:A19,1)+1),"")
A21: =IF(F21<>"",(LARGE(A$7:A20,1)+1),"") | B21: Wall Type 2
A22: =IF(F22<>"",(LARGE(A$7:A21,1)+1),"")
A23: =IF(F23<>"",(LARGE(A$7:A22,1)+1),"") -> 5 | B23: Studwork; 25mm x 50mm | C23: =30*2.74 -> 82.2 | D23: m2 | E23: =G23+H23+J23+I23 -> 0 | F23: =E23*C23 -> 0 | G23: 0 | H23: 0 | I23: =IF(D23=0," ",(G23)*(Details!$C$4+Details!$C$8)) -> 0 | J23: =IF(D23=0," ",(H23)*(Details!$C$6+Details!$C$8)) -> 0 | K23: =+G23*C23 -> 0 | L23: =+H23*C23 -> 0 | M23: =IF(D23=0," ",(I23*C23)) -> 0 | N23: =IF(D23=0," ",(J23*C23)) -> 0
A24: =IF(F24<>"",(LARGE(A$7:A23,1)+1),"")
A25: =IF(F25<>"",(LARGE(A$7:A24,1)+1),"") -> 6 | B25: Thistle 'Multi-Finish' Skim (2.5mm Thick) | C25: =C23 -> 82.2 | D25: m2 | E25: =G25+H25+J25+I25 -> 0 | F25: =E25*C25 -> 0 | G25: 0 | H25: 0 | I25: =IF(D25=0," ",(G25)*(Details!$C$4+Details!$C$8)) -> 0 | J25: =IF(D25=0," ",(H25)*(Details!$C$6+Details!$C$8)) -> 0 | K25: =+G25*C25 -> 0 | L25: =+H25*C25 -> 0 | M25: =IF(D25=0," ",(I25*C25)) -> 0 | N25: =IF(D25=0," ",(J25*C25)) -> 0
A26: =IF(F26<>"",(LARGE(A$7:A25,1)+1),"")
A27: =IF(F27<>"",(LARGE(A$7:A26,1)+1),"") -> 7 | B27: Gyproc 'Wall Board' (12.5mm Thick) | C27: =C25 -> 82.2 | D27: m2 | E27: =G27+H27+J27+I27 -> 0 | F27: =E27*C27 -> 0 | G27: 0 | H27: 0 | I27: =IF(D27=0," ",(G27)*(Details!$C$4+Details!$C$8)) -> 0 | J27: =IF(D27=0," ",(H27)*(Details!$C$6+Details!$C$8)) -> 0 | K27: =+G27*C27 -> 0 | L27: =+H27*C27 -> 0 | M27: =IF(D27=0," ",(I27*C27)) -> 0 | N27: =IF(D27=0," ",(J27*C27)) -> 0
A28: =IF(F28<>"",(LARGE(A$7:A27,1)+1),"")
A29: =IF(F29<>"",(LARGE(A$7:A28,1)+1),"") -> 8 | B29: Sika Standard Drainage Membrane (6.5 mm) | C29: =C27 -> 82.2 | D29: m2 | E29: =G29+H29+J29+I29 -> 0 | F29: =E29*C29 -> 0 | G29: 0 | H29: 0 | I29: =IF(D29=0," ",(G29)*(Details!$C$4+Details!$C$8)) -> 0 | J29: =IF(D29=0," ",(H29)*(Details!$C$6+Details!$C$8)) -> 0 | K29: =+G29*C29 -> 0 | L29: =+H29*C29 -> 0 | M29: =IF(D29=0," ",(I29*C29)) -> 0 | N29: =IF(D29=0," ",(J29*C29)) -> 0
A30: =IF(F30<>"",(LARGE(A$7:A29,1)+1),"")
A31: =IF(F31<>"",(LARGE(A$7:A30,1)+1),"")
A32: =IF(F32<>"",(LARGE(A$7:A31,1)+1),"") | B32: Wall Type 3 | I32: =IF(D32=0," ",(G32)*(Details!$C$4+Details!$C$8)) | J32: =IF(D32=0," ",(H32)*(Details!$C$6+Details!$C$8)) | M32: =IF(D32=0," ",(I32*C32)) | N32: =IF(D32=0," ",(J32*C32))
A33: =IF(F33<>"",(LARGE(A$7:A32,1)+1),"")
A34: =IF(F34<>"",(LARGE(A$7:A33,1)+1),"") -> 9 | B34: Studwork; 37.5mm x 50mm | C34: =8*2.74 -> 21.92 | D34: m2 | E34: =G34+H34+J34+I34 -> 0 | F34: =E34*C34 -> 0 | G34: 0 | H34: 0 | I34: =IF(D34=0," ",(G34)*(Details!$C$4+Details!$C$8)) -> 0 | J34: =IF(D34=0," ",(H34)*(Details!$C$6+Details!$C$8)) -> 0 | K34: =+G34*C34 -> 0 | L34: =+H34*C34 -> 0 | M34: =IF(D34=0," ",(I34*C34)) -> 0 | N34: =IF(D34=0," ",(J34*C34)) -> 0
A35: =IF(F35<>"",(LARGE(A$7:A34,1)+1),"")
A36: =IF(F36<>"",(LARGE(A$7:A35,1)+1),"") -> 10 | B36: Thistle 'Multi-Finish' Skim (2.5mm Thick) | C36: =C34 -> 21.92 | D36: m2 | E36: =G36+H36+J36+I36 -> 0 | F36: =E36*C36 -> 0 | G36: 0 | H36: 0 | I36: =IF(D36=0," ",(G36)*(Details!$C$4+Details!$C$8)) -> 0 | J36: =IF(D36=0," ",(H36)*(Details!$C$6+Details!$C$8)) -> 0 | K36: =+G36*C36 -> 0 | L36: =+H36*C36 -> 0 | M36: =IF(D36=0," ",(I36*C36)) -> 0 | N36: =IF(D36=0," ",(J36*C36)) -> 0
A37: =IF(F37<>"",(LARGE(A$7:A36,1)+1),"")
A38: =IF(F38<>"",(LARGE(A$7:A37,1)+1),"") -> 11 | B38: Gyproc 'Wall Board' (12.5mm Thick) | C38: =C36 -> 21.92 | D38: m2 | E38: =G38+H38+J38+I38 -> 0 | F38: =E38*C38 -> 0 | G38: 0 | H38: 0 | I38: =IF(D38=0," ",(G38)*(Details!$C$4+Details!$C$8)) -> 0 | J38: =IF(D38=0," ",(H38)*(Details!$C$6+Details!$C$8)) -> 0 | K38: =+G38*C38 -> 0 | L38: =+H38*C38 -> 0 | M38: =IF(D38=0," ",(I38*C38)) -> 0 | N38: =IF(D38=0," ",(J38*C38)) -> 0
A39: =IF(F39<>"",(LARGE(A$7:A38,1)+1),"")
A40: =IF(F40<>"",(LARGE(A$7:A39,1)+1),"") -> 12 | B40: Sika Standard Drainage Membrane (6.5 mm) | C40: =C38 -> 21.92 | D40: m2 | E40: =G40+H40+J40+I40 -> 0 | F40: =E40*C40 -> 0 | G40: 0 | H40: 0 | I40: =IF(D40=0," ",(G40)*(Details!$C$4+Details!$C$8)) -> 0 | J40: =IF(D40=0," ",(H40)*(Details!$C$6+Details!$C$8)) -> 0 | K40: =+G40*C40 -> 0 | L40: =+H40*C40 -> 0 | M40: =IF(D40=0," ",(I40*C40)) -> 0 | N40: =IF(D40=0," ",(J40*C40)) -> 0
A41: =IF(F41<>"",(LARGE(A$7:A40,1)+1),"")
A42: =IF(F42<>"",(LARGE(A$7:A41,1)+1),"") | B42: Wall Type 4
A43: =IF(F43<>"",(LARGE(A$7:A42,1)+1),"")
A44: =IF(F44<>"",(LARGE(A$7:A43,1)+1),"") -> 13 | B44: Studwork; 95mm x 45mm | C44: =4*2.74 -> 10.96 | D44: m2 | E44: =G44+H44+J44+I44 -> 0 | F44: =E44*C44 -> 0 | G44: 0 | H44: 0 | I44: =IF(D44=0," ",(G44)*(Details!$C$4+Details!$C$8)) -> 0 | J44: =IF(D44=0," ",(H44)*(Details!$C$6+Details!$C$8)) -> 0 | K44: =+G44*C44 -> 0 | L44: =+H44*C44 -> 0 | M44: =IF(D44=0," ",(I44*C44)) -> 0 | N44: =IF(D44=0," ",(J44*C44)) -> 0
A45: =IF(F45<>"",(LARGE(A$7:A44,1)+1),"")
A46: =IF(F46<>"",(LARGE(A$7:A45,1)+1),"") -> 14 | B46: 95x45 Sole Plate | C46: 4 | D46: m | E46: =G46+H46+J46+I46 -> 0 | F46: =E46*C46 -> 0 | G46: 0 | H46: 0 | I46: =IF(D46=0," ",(G46)*(Details!$C$4+Details!$C$8)) -> 0 | J46: =IF(D46=0," ",(H46)*(Details!$C$6+Details!$C$8)) -> 0 | K46: =+G46*C46 -> 0 | L46: =+H46*C46 -> 0 | M46: =IF(D46=0," ",(I46*C46)) -> 0 | N46: =IF(D46=0," ",(J46*C46)) -> 0
A47: =IF(F47<>"",(LARGE(A$7:A46,1)+1),"")
A48: =IF(F48<>"",(LARGE(A$7:A47,1)+1),"") -> 15 | B48: Thistle 'Multi-Finish' Skim (2.5mm Thick) | C48: =C44 -> 10.96 | D48: m2 | E48: =G48+H48+J48+I48 -> 0 | F48: =E48*C48 -> 0 | G48: 0 | H48: 0 | I48: =IF(D48=0," ",(G48)*(Details!$C$4+Details!$C$8)) -> 0 | J48: =IF(D48=0," ",(H48)*(Details!$C$6+Details!$C$8)) -> 0 | K48: =+G48*C48 -> 0 | L48: =+H48*C48 -> 0 | M48: =IF(D48=0," ",(I48*C48)) -> 0 | N48: =IF(D48=0," ",(J48*C48)) -> 0
A49: =IF(F49<>"",(LARGE(A$7:A48,1)+1),"")
A50: =IF(F50<>"",(LARGE(A$7:A49,1)+1),"") -> 16 | B50: Gyproc 'Wall Board' (12.5mm Thick) | C50: =4*2.74*2 -> 21.92 | D50: m2 | E50: =G50+H50+J50+I50 -> 0 | F50: =E50*C50 -> 0 | G50: 0 | H50: 0 | I50: =IF(D50=0," ",(G50)*(Details!$C$4+Details!$C$8)) -> 0 | J50: =IF(D50=0," ",(H50)*(Details!$C$6+Details!$C$8)) -> 0 | K50: =+G50*C50 -> 0 | L50: =+H50*C50 -> 0 | M50: =IF(D50=0," ",(I50*C50)) -> 0 | N50: =IF(D50=0," ",(J50*C50)) -> 0
A51: =IF(F51<>"",(LARGE(A$7:A50,1)+1),"")
A52: =IF(F52<>"",(LARGE(A$7:A51,1)+1),"") -> 17 | B52: Rockwool 'Sound Insulation Slab' Stone Wool (70mm Thick) | C52: =C48 -> 10.96 | D52: m2 | E52: =G52+H52+J52+I52 -> 0 | F52: =E52*C52 -> 0 | G52: 0 | H52: 0 | I52: =IF(D52=0," ",(G52)*(Details!$C$4+Details!$C$8)) -> 0 | J52: =IF(D52=0," ",(H52)*(Details!$C$6+Details!$C$8)) -> 0 | K52: =+G52*C52 -> 0 | L52: =+H52*C52 -> 0 | M52: =IF(D52=0," ",(I52*C52)) -> 0 | N52: =IF(D52=0," ",(J52*C52)) -> 0
A53: =IF(F53<>"",(LARGE(A$7:A52,1)+1),"")
A54: =IF(F54<>"",(LARGE(A$7:A53,1)+1),"") -> 18 | B54: Sika Standard Drainage Membrane (6.5 mm) | C54: =C50 -> 21.92 | D54: m2 | E54: =G54+H54+J54+I54 -> 0 | F54: =E54*C54 -> 0 | G54: 0 | H54: 0 | I54: =IF(D54=0," ",(G54)*(Details!$C$4+Details!$C$8)) -> 0 | J54: =IF(D54=0," ",(H54)*(Details!$C$6+Details!$C$8)) -> 0 | K54: =+G54*C54 -> 0 | L54: =+H54*C54 -> 0 | M54: =IF(D54=0," ",(I54*C54)) -> 0 | N54: =IF(D54=0," ",(J54*C54)) -> 0
A55: =IF(F55<>"",(LARGE(A$7:A54,1)+1),"")
A56: =IF(F56<>"",(LARGE(A$7:A55,1)+1),"") | B56: Wall Type 5
A57: =IF(F57<>"",(LARGE(A$7:A56,1)+1),"")
A58: =IF(F58<>"",(LARGE(A$7:A57,1)+1),"") -> 19 | B58: Studwork; 95mm x 45mm | C58: =5*3 -> 15 | D58: m2 | E58: =G58+H58+J58+I58 -> 0 | F58: =E58*C58 -> 0 | G58: 0 | H58: 0 | I58: =IF(D58=0," ",(G58)*(Details!$C$4+Details!$C$8)) -> 0 | J58: =IF(D58=0," ",(H58)*(Details!$C$6+Details!$C$8)) -> 0 | K58: =+G58*C58 -> 0 | L58: =+H58*C58 -> 0 | M58: =IF(D58=0," ",(I58*C58)) -> 0 | N58: =IF(D58=0," ",(J58*C58)) -> 0
A59: =IF(F59<>"",(LARGE(A$7:A58,1)+1),"")
A60: =IF(F60<>"",(LARGE(A$7:A59,1)+1),"") -> 20 | B60: Thistle 'Multi-Finish' Skim (2.5mm Thick) | C60: =5*3*2 -> 30 | D60: m2 | E60: =G60+H60+J60+I60 -> 0 | F60: =E60*C60 -> 0 | G60: 0 | H60: 0 | I60: =IF(D60=0," ",(G60)*(Details!$C$4+Details!$C$8)) -> 0 | J60: =IF(D60=0," ",(H60)*(Details!$C$6+Details!$C$8)) -> 0 | K60: =+G60*C60 -> 0 | L60: =+H60*C60 -> 0 | M60: =IF(D60=0," ",(I60*C60)) -> 0 | N60: =IF(D60=0," ",(J60*C60)) -> 0
A61: =IF(F61<>"",(LARGE(A$7:A60,1)+1),"")
A62: =IF(F62<>"",(LARGE(A$7:A61,1)+1),"") -> 21 | B62: Gyproc 'Wall Board' (12.5mm Thick) | C62: =5*3*4 -> 60 | D62: m2 | E62: =G62+H62+J62+I62 -> 0 | F62: =E62*C62 -> 0 | G62: 0 | H62: 0 | I62: =IF(D62=0," ",(G62)*(Details!$C$4+Details!$C$8)) -> 0 | J62: =IF(D62=0," ",(H62)*(Details!$C$6+Details!$C$8)) -> 0 | K62: =+G62*C62 -> 0 | L62: =+H62*C62 -> 0 | M62: =IF(D62=0," ",(I62*C62)) -> 0 | N62: =IF(D62=0," ",(J62*C62)) -> 0
A63: =IF(F63<>"",(LARGE(A$7:A62,1)+1),"")
A64: =IF(F64<>"",(LARGE(A$7:A63,1)+1),"") -> 22 | B64: Rockwool 'Sound Insulation Slab' Stone Wool (70mm Thick) | C64: =C60 -> 30 | D64: m2 | E64: =G64+H64+J64+I64 -> 0 | F64: =E64*C64 -> 0 | G64: 0 | H64: 0 | I64: =IF(D64=0," ",(G64)*(Details!$C$4+Details!$C$8)) -> 0 | J64: =IF(D64=0," ",(H64)*(Details!$C$6+Details!$C$8)) -> 0 | K64: =+G64*C64 -> 0 | L64: =+H64*C64 -> 0 | M64: =IF(D64=0," ",(I64*C64)) -> 0 | N64: =IF(D64=0," ",(J64*C64)) -> 0
A65: =IF(F65<>"",(LARGE(A$7:A64,1)+1),"")
A66: =IF(F66<>"",(LARGE(A$7:A65,1)+1),"") -> 23 | B66: Sika Standard Drainage Membrane (6.5 mm) | C66: =5*3 -> 15 | D66: m2 | E66: =G66+H66+J66+I66 -> 0 | F66: =E66*C66 -> 0 | G66: 0 | H66: 0 | I66: =IF(D66=0," ",(G66)*(Details!$C$4+Details!$C$8)) -> 0 | J66: =IF(D66=0," ",(H66)*(Details!$C$6+Details!$C$8)) -> 0 | K66: =+G66*C66 -> 0 | L66: =+H66*C66 -> 0 | M66: =IF(D66=0," ",(I66*C66)) -> 0 | N66: =IF(D66=0," ",(J66*C66)) -> 0
A67: =IF(F67<>"",(LARGE(A$7:A66,1)+1),"")
A68: =IF(F68<>"",(LARGE(A$7:A67,1)+1),"") | B68: Wall Type 6
A69: =IF(F69<>"",(LARGE(A$7:A68,1)+1),"")
A70: =IF(F70<>"",(LARGE(A$7:A69,1)+1),"") -> 24 | B70: Studwork; 95mm x 45mm | C70: =7*2.74 -> 19.18 | D70: m2 | E70: =G70+H70+J70+I70 -> 0 | F70: =E70*C70 -> 0 | G70: 0 | H70: 0 | I70: =IF(D70=0," ",(G70)*(Details!$C$4+Details!$C$8)) -> 0 | J70: =IF(D70=0," ",(H70)*(Details!$C$6+Details!$C$8)) -> 0 | K70: =+G70*C70 -> 0 | L70: =+H70*C70 -> 0 | M70: =IF(D70=0," ",(I70*C70)) -> 0 | N70: =IF(D70=0," ",(J70*C70)) -> 0
A71: =IF(F71<>"",(LARGE(A$7:A70,1)+1),"")
A72: =IF(F72<>"",(LARGE(A$7:A71,1)+1),"") -> 25 | B72: Thistle 'Multi-Finish' Skim (2.5mm Thick) | C72: =7*2.74*2 -> 38.36 | D72: m2 | E72: =G72+H72+J72+I72 -> 0 | F72: =E72*C72 -> 0 | G72: 0 | H72: 0 | I72: =IF(D72=0," ",(G72)*(Details!$C$4+Details!$C$8)) -> 0 | J72: =IF(D72=0," ",(H72)*(Details!$C$6+Details!$C$8)) -> 0 | K72: =+G72*C72 -> 0 | L72: =+H72*C72 -> 0 | M72: =IF(D72=0," ",(I72*C72)) -> 0 | N72: =IF(D72=0," ",(J72*C72)) -> 0
A73: =IF(F73<>"",(LARGE(A$7:A72,1)+1),"")
A74: =IF(F74<>"",(LARGE(A$7:A73,1)+1),"") -> 26 | B74: Gyproc 'Wall Board' (12.5mm Thick) | C74: =C72 -> 38.36 | D74: m2 | E74: =G74+H74+J74+I74 -> 0 | F74: =E74*C74 -> 0 | G74: 0 | H74: 0 | I74: =IF(D74=0," ",(G74)*(Details!$C$4+Details!$C$8)) -> 0 | J74: =IF(D74=0," ",(H74)*(Details!$C$6+Details!$C$8)) -> 0 | K74: =+G74*C74 -> 0 | L74: =+H74*C74 -> 0 | M74: =IF(D74=0," ",(I74*C74)) -> 0 | N74: =IF(D74=0," ",(J74*C74)) -> 0
A75: =IF(F75<>"",(LARGE(A$7:A74,1)+1),"")
A76: =IF(F76<>"",(LARGE(A$7:A75,1)+1),"") -> 27 | B76: Rockwool 'Sound Insulation Slab' Stone Wool (50mm Thick) | C76: =7*2.74 -> 19.18 | D76: m2 | E76: =G76+H76+J76+I76 -> 0 | F76: =E76*C76 -> 0 | G76: 0 | H76: 0 | I76: =IF(D76=0," ",(G76)*(Details!$C$4+Details!$C$8)) -> 0 | J76: =IF(D76=0," ",(H76)*(Details!$C$6+Details!$C$8)) -> 0 | K76: =+G76*C76 -> 0 | L76: =+H76*C76 -> 0 | M76: =IF(D76=0," ",(I76*C76)) -> 0 | N76: =IF(D76=0," ",(J76*C76)) -> 0
A77: =IF(F77<>"",(LARGE(A$7:A76,1)+1),"")
A78: =IF(F78<>"",(LARGE(A$7:A77,1)+1),"") | B78: Wall Type 7
A79: =IF(F79<>"",(LARGE(A$7:A78,1)+1),"")
A80: =IF(F80<>"",(LARGE(A$7:A79,1)+1),"") -> 28 | B80: K118' insulated Plasterboard (62.5mm Thick) | C80: =110*2.74 -> 301.4 | D80: m2 | E80: =G80+H80+J80+I80 -> 0 | F80: =E80*C80 -> 0 | G80: 0 | H80: 0 | I80: =IF(D80=0," ",(G80)*(Details!$C$4+Details!$C$8)) -> 0 | J80: =IF(D80=0," ",(H80)*(Details!$C$6+Details!$C$8)) -> 0 | K80: =+G80*C80 -> 0 | L80: =+H80*C80 -> 0 | M80: =IF(D80=0," ",(I80*C80)) -> 0 | N80: =IF(D80=0," ",(J80*C80)) -> 0
A81: =IF(F81<>"",(LARGE(A$7:A80,1)+1),"")
A82: =IF(F82<>"",(LARGE(A$7:A81,1)+1),"") -> 29 | B82: Gyproc 'DriWall Adhesive' dabs | C82: =110*2.74 -> 301.4 | D82: m2 | E82: =G82+H82+J82+I82 -> 0 | F82: =E82*C82 -> 0 | G82: 0 | H82: 0 | I82: =IF(D82=0," ",(G82)*(Details!$C$4+Details!$C$8)) -> 0 | J82: =IF(D82=0," ",(H82)*(Details!$C$6+Details!$C$8)) -> 0 | K82: =+G82*C82 -> 0 | L82: =+H82*C82 -> 0 | M82: =IF(D82=0," ",(I82*C82)) -> 0 | N82: =IF(D82=0," ",(J82*C82)) -> 0
A83: =IF(F83<>"",(LARGE(A$7:A82,1)+1),"")
A84: =IF(F84<>"",(LARGE(A$7:A83,1)+1),"") -> 30 | B84: Thistle 'Multi-Finish' Skim (2.5mm Thick) | C84: =110*2.74 -> 301.4 | D84: m2 | E84: =G84+H84+J84+I84 -> 0 | F84: =E84*C84 -> 0 | G84: 0 | H84: 0 | I84: =IF(D84=0," ",(G84)*(Details!$C$4+Details!$C$8)) -> 0 | J84: =IF(D84=0," ",(H84)*(Details!$C$6+Details!$C$8)) -> 0 | K84: =+G84*C84 -> 0 | L84: =+H84*C84 -> 0 | M84: =IF(D84=0," ",(I84*C84)) -> 0 | N84: =IF(D84=0," ",(J84*C84)) -> 0
A85: =IF(F85<>"",(LARGE(A$7:A84,1)+1),"")
A86: =IF(F86<>"",(LARGE(A$7:A85,1)+1),"") -> 31 | B86: K Rend 'Silicone K1' | C86: =110*2.74 -> 301.4 | D86: m2 | E86: =G86+H86+J86+I86 -> 0 | F86: =E86*C86 -> 0 | G86: 0 | H86: 0 | I86: =IF(D86=0," ",(G86)*(Details!$C$4+Details!$C$8)) -> 0 | J86: =IF(D86=0," ",(H86)*(Details!$C$6+Details!$C$8)) -> 0 | K86: =+G86*C86 -> 0 | L86: =+H86*C86 -> 0 | M86: =IF(D86=0," ",(I86*C86)) -> 0 | N86: =IF(D86=0," ",(J86*C86)) -> 0
A87: =IF(F87<>"",(LARGE(A$7:A86,1)+1),"")
A88: =IF(F88<>"",(LARGE(A$7:A87,1)+1),"") | B88: Wall Type 8
A89: =IF(F89<>"",(LARGE(A$7:A88,1)+1),"")
A90: =IF(F90<>"",(LARGE(A$7:A89,1)+1),"") -> 32 | B90: Thistle 'Multi-Finish' Skim (2.5mm Thick) | C90: =22*3.35 -> 73.7 | D90: m2 | E90: =G90+H90+J90+I90 -> 0 | F90: =E90*C90 -> 0 | G90: 0 | H90: 0 | I90: =IF(D90=0," ",(G90)*(Details!$C$4+Details!$C$8)) -> 0 | J90: =IF(D90=0," ",(H90)*(Details!$C$6+Details!$C$8)) -> 0 | K90: =+G90*C90 -> 0 | L90: =+H90*C90 -> 0 | M90: =IF(D90=0," ",(I90*C90)) -> 0 | N90: =IF(D90=0," ",(J90*C90)) -> 0
A91: =IF(F91<>"",(LARGE(A$7:A90,1)+1),"")
A92: =IF(F92<>"",(LARGE(A$7:A91,1)+1),"") -> 33 | B92: K118' insulated Plasterboard (62.5mm Thick) | C92: =22*3.35 -> 73.7 | D92: m2 | E92: =G92+H92+J92+I92 -> 0 | F92: =E92*C92 -> 0 | G92: 0 | H92: 0 | I92: =IF(D92=0," ",(G92)*(Details!$C$4+Details!$C$8)) -> 0 | J92: =IF(D92=0," ",(H92)*(Details!$C$6+Details!$C$8)) -> 0 | K92: =+G92*C92 -> 0 | L92: =+H92*C92 -> 0 | M92: =IF(D92=0," ",(I92*C92)) -> 0 | N92: =IF(D92=0," ",(J92*C92)) -> 0
A93: =IF(F93<>"",(LARGE(A$7:A92,1)+1),"")
A94: =IF(F94<>"",(LARGE(A$7:A93,1)+1),"") -> 34 | B94: 'K107 Framing Board' Rigid Thermoset Insulation (75mm Thick) | C94: =22*3.35 -> 73.7 | D94: m2 | E94: =G94+H94+J94+I94 -> 0 | F94: =E94*C94 -> 0 | G94: 0 | H94: 0 | I94: =IF(D94=0," ",(G94)*(Details!$C$4+Details!$C$8)) -> 0 | J94: =IF(D94=0," ",(H94)*(Details!$C$6+Details!$C$8)) -> 0 | K94: =+G94*C94 -> 0 | L94: =+H94*C94 -> 0 | M94: =IF(D94=0," ",(I94*C94)) -> 0 | N94: =IF(D94=0," ",(J94*C94)) -> 0
A95: =IF(F95<>"",(LARGE(A$7:A94,1)+1),"")
A96: =IF(F96<>"",(LARGE(A$7:A95,1)+1),"") | B96: Wall Type 9
A97: =IF(F97<>"",(LARGE(A$7:A96,1)+1),"")
A98: =IF(F98<>"",(LARGE(A$7:A97,1)+1),"") -> 35 | B98: Isover 'Acoustic Partition Roll' (25mm Thick) | C98: =26*2.74 -> 71.24 | D98: m2 | E98: =G98+H98+J98+I98 -> 0 | F98: =E98*C98 -> 0 | G98: 0 | H98: 0 | I98: =IF(D98=0," ",(G98)*(Details!$C$4+Details!$C$8)) -> 0 | J98: =IF(D98=0," ",(H98)*(Details!$C$6+Details!$C$8)) -> 0 | K98: =+G98*C98 -> 0 | L98: =+H98*C98 -> 0 | M98: =IF(D98=0," ",(I98*C98)) -> 0 | N98: =IF(D98=0," ",(J98*C98)) -> 0
A99: =IF(F99<>"",(LARGE(A$7:A98,1)+1),"")
A100: =IF(F100<>"",(LARGE(A$7:A99,1)+1),"") -> 36 | B100: Gyproc 'SoundBloc MR' (12.5mm Thick) | C100: =26*2.74 -> 71.24 | D100: m2 | E100: =G100+H100+J100+I100 -> 0 | F100: =E100*C100 -> 0 | G100: 0 | H100: 0 | I100: =IF(D100=0," ",(G100)*(Details!$C$4+Details!$C$8)) -> 0 | J100: =IF(D100=0," ",(H100)*(Details!$C$6+Details!$C$8)) -> 0 | K100: =+G100*C100 -> 0 | L100: =+H100*C100 -> 0 | M100: =IF(D100=0," ",(I100*C100)) -> 0 | N100: =IF(D100=0," ",(J100*C100)) -> 0
A101: =IF(F101<>"",(LARGE(A$7:A100,1)+1),"")
A102: =IF(F102<>"",(LARGE(A$7:A101,1)+1),"") -> 37 | B102: Thistle 'Multi-Finish' Skim (2.5mm Thick) | C102: =26*2.74 -> 71.24 | D102: m2 | E102: =G102+H102+J102+I102 -> 0 | F102: =E102*C102 -> 0 | G102: 0 | H102: 0 | I102: =IF(D102=0," ",(G102)*(Details!$C$4+Details!$C$8)) -> 0 | J102: =IF(D102=0," ",(H102)*(Details!$C$6+Details!$C$8)) -> 0 | K102: =+G102*C102 -> 0 | L102: =+H102*C102 -> 0 | M102: =IF(D102=0," ",(I102*C102)) -> 0 | N102: =IF(D102=0," ",(J102*C102)) -> 0
A103: =IF(F103<>"",(LARGE(A$7:A102,1)+1),"")
A104: =IF(F104<>"",(LARGE(A$7:A103,1)+1),"") | B104: Wall Type 10
A105: =IF(F105<>"",(LARGE(A$7:A104,1)+1),"")
A106: =IF(F106<>"",(LARGE(A$7:A105,1)+1),"") -> 38 | B106: Adhesive bonding Of Gyproc 'Driwall Adhesive' Dabs | C106: =13*2.74 -> 35.62 | D106: m2 | E106: =G106+H106+J106+I106 -> 0 | F106: =E106*C106 -> 0 | G106: 0 | H106: 0 | I106: =IF(D106=0," ",(G106)*(Details!$C$4+Details!$C$8)) -> 0 | J106: =IF(D106=0," ",(H106)*(Details!$C$6+Details!$C$8)) -> 0 | K106: =+G106*C106 -> 0 | L106: =+H106*C106 -> 0 | M106: =IF(D106=0," ",(I106*C106)) -> 0 | N106: =IF(D106=0," ",(J106*C106)) -> 0
...

Sheet Joinery
B2: =+'Qual, Excl & Assum'!B2 -> PROJECT:EXTERNAL AND INTERNAL REFURBISHMENT OF EXISTING APARTMENTS
B3: =+'Qual, Excl & Assum'!B3 -> DATE: 29TH OCTOBER 2025
B5: Joinery | G5: RATES | K5: TOTALS
B7: Description | C7: Quantity | D7: Unit | E7: Rate | F7: Total | G7: Labour | H7: Materials | I7: L Markup | J7: M Markup | K7: Labour | L7: Materials | M7: L Markup | N7: M Markup
N8: =IF(D8=0," ",(J8*C8))
B9: SINGLE DOOR
A11: 1 | B11: Install single door | C11: 26 | D11: no. | E11: =G11+H11+J11+I11 -> 0 | F11: =E11*C11 -> 0 | G11: 0 | I11: =IF(D11=0," ",(G11)*(Details!$C$4+Details!$C$8)) -> 0 | J11: =IF(D11=0," ",(H11)*(Details!$C$6+Details!$C$8)) -> 0 | K11: =+G11*C11 -> 0 | L11: =+H11*C11 -> 0 | M11: =IF(D11=0," ",(I11*C11)) -> 0 | N11: =IF(D11=0," ",(J11*C11)) -> 0
A13: =IF(F13<>"",(LARGE(A$10:A12,1)+1),"") -> 2 | B13: Supply single door | C13: =C11 -> 26 | D13: no. | E13: =G13+H13+J13+I13 -> 0 | F13: =E13*C13 -> 0 | I13: =IF(D13=0," ",(G13)*(Details!$C$4+Details!$C$8)) -> 0 | J13: =IF(D13=0," ",(H13)*(Details!$C$6+Details!$C$8)) -> 0 | K13: =+G13*C13 -> 0 | L13: =+H13*C13 -> 0 | M13: =IF(D13=0," ",(I13*C13)) -> 0 | N13: =IF(D13=0," ",(J13*C13)) -> 0
A14: =IF(F14<>"",(LARGE(A$10:A13,1)+1),"")
A15: =IF(F15<>"",(LARGE(A$10:A14,1)+1),"") -> 3 | B15: Install ironmongery | C15: =C11 -> 26 | D15: no. | E15: =G15+H15+J15+I15 -> 0 | F15: =E15*C15 -> 0 | G15: 0 | I15: =IF(D15=0," ",(G15)*(Details!$C$4+Details!$C$8)) -> 0 | J15: =IF(D15=0," ",(H15)*(Details!$C$6+Details!$C$8)) -> 0 | K15: =+G15*C15 -> 0 | L15: =+H15*C15 -> 0 | M15: =IF(D15=0," ",(I15*C15)) -> 0 | N15: =IF(D15=0," ",(J15*C15)) -> 0
A16: =IF(F16<>"",(LARGE(A$10:A15,1)+1),"")
A17: =IF(F17<>"",(LARGE(A$10:A16,1)+1),"") -> 4 | B17: Supply ironmongery | C17: =C15 -> 26 | D17: no. | E17: =G17+H17+J17+I17 -> 0 | F17: =E17*C17 -> 0 | I17: =IF(D17=0," ",(G17)*(Details!$C$4+Details!$C$8)) -> 0 | J17: =IF(D17=0," ",(H17)*(Details!$C$6+Details!$C$8)) -> 0 | K17: =+G17*C17 -> 0 | L17: =+H17*C17 -> 0 | M17: =IF(D17=0," ",(I17*C17)) -> 0 | N17: =IF(D17=0," ",(J17*C17)) -> 0
A18: =IF(F18<>"",(LARGE(A$10:A17,1)+1),"")
A19: =IF(F19<>"",(LARGE(A$10:A18,1)+1),"") -> 5 | B19: Door frame | C19: =C15 -> 26 | D19: no. | E19: =G19+H19+J19+I19 -> 0 | F19: =E19*C19 -> 0 | G19: 0 | I19: =IF(D19=0," ",(G19)*(Details!$C$4+Details!$C$8)) -> 0 | J19: =IF(D19=0," ",(H19)*(Details!$C$6+Details!$C$8)) -> 0 | K19: =+G19*C19 -> 0 | L19: =+H19*C19 -> 0 | M19: =IF(D19=0," ",(I19*C19)) -> 0 | N19: =IF(D19=0," ",(J19*C19)) -> 0
A20: =IF(F20<>"",(LARGE(A$10:A19,1)+1),"")
A21: =IF(F21<>"",(LARGE(A$10:A20,1)+1),"") | B21: ARCHITRAVES | I21: =IF(D21=0," ",(G21)*(Details!$C$4+Details!$C$8)) | J21: =IF(D21=0," ",(H21)*(Details!$C$6+Details!$C$8)) | M21: =IF(D21=0," ",(I21*C21)) | N21: =IF(D21=0," ",(J21*C21))
A22: =IF(F22<>"",(LARGE(A$10:A21,1)+1),"") | N22: =IF(D22=0," ",(J22*C22))
A23: =IF(F23<>"",(LARGE(A$10:A22,1)+1),"") -> 6 | B23: Architraves | C23: 258 | D23: m | E23: =G23+H23+J23+I23 -> 0 | F23: =E23*C23 -> 0 | G23: 0 | I23: =IF(D23=0," ",(G23)*(Details!$C$4+Details!$C$8)) -> 0 | J23: =IF(D23=0," ",(H23)*(Details!$C$6+Details!$C$8)) -> 0 | K23: =+G23*C23 -> 0 | L23: =+H23*C23 -> 0 | M23: =IF(D23=0," ",(I23*C23)) -> 0 | N23: =IF(D23=0," ",(J23*C23)) -> 0
A24: =IF(F24<>"",(LARGE(A$10:A23,1)+1),"")
A25: =IF(F25<>"",(LARGE(A$10:A24,1)+1),"") | B25: SKIRTING | I25: =IF(D25=0," ",(G25)*(Details!$C$4+Details!$C$8)) | J25: =IF(D25=0," ",(H25)*(Details!$C$6+Details!$C$8)) | M25: =IF(D25=0," ",(I25*C25)) | N25: =IF(D25=0," ",(J25*C25))
A26: =IF(F26<>"",(LARGE(A$10:A25,1)+1),"")
A27: =IF(F27<>"",(LARGE(A$10:A26,1)+1),"") -> 7 | B27: Wood Skirting (Assumed) (145mm H x 3m L) | C27: 264 | D27: m | E27: =G27+H27+J27+I27 -> 0 | F27: =E27*C27 -> 0 | G27: 0 | I27: =IF(D27=0," ",(G27)*(Details!$C$4+Details!$C$8)) -> 0 | J27: =IF(D27=0," ",(H27)*(Details!$C$6+Details!$C$8)) -> 0 | K27: =+G27*C27 -> 0 | L27: =+H27*C27 -> 0 | M27: =IF(D27=0," ",(I27*C27)) -> 0 | N27: =IF(D27=0," ",(J27*C27)) -> 0
B29: Tile Skirting In Wet Areas (Assumed) (100mm H x 1.2m L) | C29: 48 | D29: m | E29: =G29+H29+J29+I29 -> 0 | F29: =E29*C29 -> 0 | G29: 0 | I29: =IF(D29=0," ",(G29)*(Details!$C$4+Details!$C$8)) -> 0 | J29: =IF(D29=0," ",(H29)*(Details!$C$6+Details!$C$8)) -> 0 | K29: =+G29*C29 -> 0 | L29: =+H29*C29 -> 0 | M29: =IF(D29=0," ",(I29*C29)) -> 0 | N29: =IF(D29=0," ",(J29*C29)) -> 0
A30: =IF(F30<>"",(LARGE(A$10:A27,1)+1),"")
A31: =IF(F31<>"",(LARGE(A$10:A30,1)+1),"") | B31: WINDOW BOARDS | I31: =IF(D31=0," ",(G31)*(Details!$C$4+Details!$C$8)) | J31: =IF(D31=0," ",(H31)*(Details!$C$6+Details!$C$8)) | M31: =IF(D31=0," ",(I31*C31)) | N31: =IF(D31=0," ",(J31*C31))
A32: =IF(F32<>"",(LARGE(A$10:A31,1)+1),"")
A33: =IF(F33<>"",(LARGE(A$10:A32,1)+1),"") -> 8 | B33: Window boards | C33: 54 | D33: m | E33: =G33+H33+J33+I33 -> 0 | F33: =E33*C33 -> 0 | G33: 0 | I33: =IF(D33=0," ",(G33)*(Details!$C$4+Details!$C$8)) -> 0 | J33: =IF(D33=0," ",(H33)*(Details!$C$6+Details!$C$8)) -> 0 | K33: =+G33*C33 -> 0 | L33: =+H33*C33 -> 0 | M33: =IF(D33=0," ",(I33*C33)) -> 0 | N33: =IF(D33=0," ",(J33*C33)) -> 0
A34: =IF(F34<>"",(LARGE(A$10:A33,1)+1),"")
A35: =IF(F35<>"",(LARGE(A$10:A34,1)+1),"") | B35: SPECIALIST JOINERY
A36: =IF(F36<>"",(LARGE(A$10:A35,1)+1),"")
A37: =IF(F37<>"",(LARGE(A$10:A36,1)+1),"") -> 9 | B37: (0.6m W x 0.8m H) Kitchen Lower Cabinet | C37: 33 | D37: m | E37: =G37+H37+J37+I37 -> 0 | F37: =E37*C37 -> 0 | G37: 0 | H37: 0 | I37: =IF(D37=0," ",(G37)*(Details!$C$4+Details!$C$8)) -> 0 | J37: =IF(D37=0," ",(H37)*(Details!$C$6+Details!$C$8)) -> 0 | K37: =+G37*C37 -> 0 | L37: =+H37*C37 -> 0 | M37: =IF(D37=0," ",(I37*C37)) -> 0 | N37: =IF(D37=0," ",(J37*C37)) -> 0
A38: =IF(F38<>"",(LARGE(A$10:A37,1)+1),"")
A39: =IF(F39<>"",(LARGE(A$10:A38,1)+1),"") -> 10 | B39: (0.3m W x 0.8m H) Kitchen Upper Cabinet | C39: 30 | D39: m | E39: =G39+H39+J39+I39 -> 0 | F39: =E39*C39 -> 0 | G39: 0 | H39: 0 | I39: =IF(D39=0," ",(G39)*(Details!$C$4+Details!$C$8)) -> 0 | J39: =IF(D39=0," ",(H39)*(Details!$C$6+Details!$C$8)) -> 0 | K39: =+G39*C39 -> 0 | L39: =+H39*C39 -> 0 | M39: =IF(D39=0," ",(I39*C39)) -> 0 | N39: =IF(D39=0," ",(J39*C39)) -> 0
A40: =IF(F40<>"",(LARGE(A$10:A39,1)+1),"")
A41: =IF(F41<>"",(LARGE(A$10:A40,1)+1),"") -> 11 | B41: (0.5m W x 2.4m H) Pantry Closet/Shelf | C41: 1 | D41: m | E41: =G41+H41+J41+I41 -> 0 | F41: =E41*C41 -> 0 | G41: 0 | H41: 0 | I41: =IF(D41=0," ",(G41)*(Details!$C$4+Details!$C$8)) -> 0 | J41: =IF(D41=0," ",(H41)*(Details!$C$6+Details!$C$8)) -> 0 | K41: =+G41*C41 -> 0 | L41: =+H41*C41 -> 0 | M41: =IF(D41=0," ",(I41*C41)) -> 0 | N41: =IF(D41=0," ",(J41*C41)) -> 0
A42: =IF(F42<>"",(LARGE(A$10:A41,1)+1),"")
A43: =IF(F43<>"",(LARGE(A$10:A42,1)+1),"") -> 12 | B43: (0.8m W ) Kitchen Island | C43: 2 | D43: m | E43: =G43+H43+J43+I43 -> 0 | F43: =E43*C43 -> 0 | G43: 0 | H43: 0 | I43: =IF(D43=0," ",(G43)*(Details!$C$4+Details!$C$8)) -> 0 | J43: =IF(D43=0," ",(H43)*(Details!$C$6+Details!$C$8)) -> 0 | K43: =+G43*C43 -> 0 | L43: =+H43*C43 -> 0 | M43: =IF(D43=0," ",(I43*C43)) -> 0 | N43: =IF(D43=0," ",(J43*C43)) -> 0
A44: =IF(F44<>"",(LARGE(A$10:A43,1)+1),"")
E45: Sub Total | F45: =SUM(F1:F44) -> 0 | J45: =IF(D45=0," ",(G45+H45)*(Details!$C$4+Details!$C$6)) | K45: =SUM(K4:K44) -> 0 | L45: =SUM(L4:L44) -> 0 | M45: =SUM(M4:M44) -> 0 | N45: =SUM(N4:N44) -> 0 | P45: =+F45-K45-L45-N45-M45 -> 0
A46: =IF(F46<>"",(LARGE(A$7:A45,1)+1),"") | J46: =IF(D46=0," ",(G46+H46)*(Details!$C$4+Details!$C$6))

Sheet Decoration
B2: =+'Qual, Excl & Assum'!B2 -> PROJECT:EXTERNAL AND INTERNAL REFURBISHMENT OF EXISTING APARTMENTS
B3: =+'Qual, Excl & Assum'!B3 -> DATE: 29TH OCTOBER 2025
B5: Decoration | G5: RATES | K5: TOTALS
B7: Description | C7: Quantity | D7: Unit | E7: Rate | F7: Total | G7: Labour | H7: Materials | I7: L Markup | J7: M Markup | K7: Labour | L7: Materials | M7: L Markup | N7: M Markup
N8: =IF(D8=0," ",(J8*C8))
A9: 1 | B9: 1 coat of primer and 1 coat of eggshell gloss to doors | C9: 26 | D9: no | E9: =G9+H9+J9+I9 -> 0 | F9: =E9*C9 -> 0 | G9: 0 | H9: 0 | I9: =IF(D9=0," ",(G9)*(Details!$C$4+Details!$C$8)) -> 0 | J9: =IF(D9=0," ",(H9)*(Details!$C$6+Details!$C$8)) -> 0 | K9: =+G9*C9 -> 0 | L9: =+H9*C9 -> 0 | M9: =IF(D9=0," ",(I9*C9)) -> 0 | N9: =IF(D9=0," ",(J9*C9)) -> 0
A11: =IF(F11<>"",(LARGE(A$7:A10,1)+1),"") -> 2 | B11: 1 coat of primer and 1 coat of eggshell gloss to skirting and architraves | C11: 570 | D11: m | E11: =G11+H11+J11+I11 -> 0 | F11: =E11*C11 -> 0 | G11: 0 | H11: 0 | I11: =IF(D11=0," ",(G11)*(Details!$C$4+Details!$C$8)) -> 0 | J11: =IF(D11=0," ",(H11)*(Details!$C$6+Details!$C$8)) -> 0 | K11: =+G11*C11 -> 0 | L11: =+H11*C11 -> 0 | M11: =IF(D11=0," ",(I11*C11)) -> 0 | N11: =IF(D11=0," ",(J11*C11)) -> 0
A12: =IF(F12<>"",(LARGE(A$7:A11,1)+1),"")
A13: =IF(F13<>"",(LARGE(A$7:A12,1)+1),"") -> 3 | B13: 1 coat of primer and 1 coat of eggshell gloss to window boards | C13: =+Joinery!C33 -> 54 | D13: m | E13: =G13+H13+J13+I13 -> 0 | F13: =E13*C13 -> 0 | G13: 0 | H13: 0 | I13: =IF(D13=0," ",(G13)*(Details!$C$4+Details!$C$8)) -> 0 | J13: =IF(D13=0," ",(H13)*(Details!$C$6+Details!$C$8)) -> 0 | K13: =+G13*C13 -> 0 | L13: =+H13*C13 -> 0 | M13: =IF(D13=0," ",(I13*C13)) -> 0 | N13: =IF(D13=0," ",(J13*C13)) -> 0
A14: =IF(F14<>"",(LARGE(A$7:A13,1)+1),"")
E15: Sub Total | F15: =SUM(F1:F14) -> 0 | J15: =IF(D15=0," ",(G15+H15)*(Details!$C$4+Details!$C$6)) | K15: =SUM(K1:K14) -> 0 | L15: =SUM(L1:L14) -> 0 | M15: =SUM(M1:M14) -> 0 | N15: =SUM(N1:N14) -> 0 | P15: =+F15-K15-L15-N15-M15 -> 0

Sheet Floor finishes
B2: =+'Qual, Excl & Assum'!B2 -> PROJECT:EXTERNAL AND INTERNAL REFURBISHMENT OF EXISTING APARTMENTS
B3: =+'Qual, Excl & Assum'!B3 -> DATE: 29TH OCTOBER 2025
B5: Floor Finishes | G5: RATES | K5: TOTALS
B7: Description | C7: Quantity | D7: Unit | E7: Rate | F7: Total | G7: Labour | H7: Materials | I7: L Markup | J7: M Markup | K7: Labour | L7: Materials | M7: L Markup | N7: M Markup
B9: Wood Flooring
A11: 1 | B11: Engineered HardWood Flooring (Assumed) Size: (190mm W x 20mm T x 1.9m L) | C11: 358 | D11: m2 | E11: =G11+H11+J11+I11 -> 0 | F11: =E11*C11 -> 0 | G11: 0 | H11: 0 | I11: =IF(D11=0," ",(G11)*(Details!$C$4+Details!$C$8)) -> 0 | J11: =IF(D11=0," ",(H11)*(Details!$C$6+Details!$C$8)) -> 0 | K11: =+G11*C11 -> 0 | L11: =+H11*C11 -> 0 | M11: =IF(D11=0," ",(I11*C11)) -> 0 | N11: =IF(D11=0," ",(J11*C11)) -> 0
N12: =IF(D12=0," ",(J12*C12))
B13: TILING
A15: =IF(F15<>"",(LARGE(A$7:A14,1)+1),"") -> 2 | B15: Tile Flooring (Assumed) Size: (600mm W x 600mm L) | C15: 34 | D15: m2 | E15: =G15+H15+J15+I15 -> 0 | F15: =E15*C15 -> 0 | G15: 0 | H15: 0 | I15: =IF(D15=0," ",(G15)*(Details!$C$4+Details!$C$8)) -> 0 | J15: =IF(D15=0," ",(H15)*(Details!$C$6+Details!$C$8)) -> 0 | K15: =+G15*C15 -> 0 | L15: =+H15*C15 -> 0 | M15: =IF(D15=0," ",(I15*C15)) -> 0 | N15: =IF(D15=0," ",(J15*C15)) -> 0
A17: =IF(F17<>"",(LARGE(A$7:A16,1)+1),"") | J17: =IF(D17=0," ",(G17+H17)*(Details!$C$4+Details!$C$6)) | P17: Check
E18: Sub Total | F18: =SUM(F1:F17) -> 0 | J18: =IF(D18=0," ",(G18+H18)*(Details!$C$4+Details!$C$6)) | K18: =SUM(K1:K17) -> 0 | L18: =SUM(L1:L17) -> 0 | M18: =SUM(M1:M17) -> 0 | N18: =SUM(N1:N17) -> 0 | P18: =+F18-K18-L18-N18-M18 -> 0
A19: =IF(F19<>"",(LARGE(A$7:A18,1)+1),"") | J19: =IF(D19=0," ",(G19+H19)*(Details!$C$4+Details!$C$6))

Sheet Wall finishes
B2: =+'Qual, Excl & Assum'!B2 -> PROJECT:EXTERNAL AND INTERNAL REFURBISHMENT OF EXISTING APARTMENTS
B3: =+'Qual, Excl & Assum'!B3 -> DATE: 29TH OCTOBER 2025
B5: Wall Finishes | G5: RATES | K5: TOTALS
B7: Description | C7: Quantity | D7: Unit | E7: Rate | F7: Total | G7: Labour | H7: Materials | I7: L Markup | J7: M Markup | K7: Labour | L7: Materials | M7: L Markup | N7: M Markup
N8: =IF(D8=0," ",(J8*C8))
B9: WALL TILING (PROVISIONAL QUANTITY)
A11: 1 | B11: Install Tiles to Bathrooms | C11: =71*2.43 -> 172.53 | D11: m2 | E11: =G11+H11+J11+I11 -> 0 | F11: =E11*C11 -> 0 | G11: 0 | H11: 0 | I11: =IF(D11=0," ",(G11)*(Details!$C$4+Details!$C$8)) -> 0 | J11: =IF(D11=0," ",(H11)*(Details!$C$6+Details!$C$8)) -> 0 | K11: =+G11*C11 -> 0 | L11: =+H11*C11 -> 0 | M11: =IF(D11=0," ",(I11*C11)) -> 0 | N11: =IF(D11=0," ",(J11*C11)) -> 0
B13: WALL PAINT (PROVISIONAL QUANTITY)
A15: =IF(F15<>"",(LARGE(A$7:A14,1)+1),"") -> 2 | B15: Paint On Wall | C15: =415*2.43 -> 1008.45 | D15: m2 | E15: =G15+H15+J15+I15 -> 0 | F15: =E15*C15 -> 0 | G15: 0 | H15: 0 | I15: =IF(D15=0," ",(G15)*(Details!$C$4+Details!$C$8)) -> 0 | J15: =IF(D15=0," ",(H15)*(Details!$C$6+Details!$C$8)) -> 0 | K15: =+G15*C15 -> 0 | L15: =+H15*C15 -> 0 | M15: =IF(D15=0," ",(I15*C15)) -> 0 | N15: =IF(D15=0," ",(J15*C15)) -> 0
A16: =IF(F16<>"",(LARGE(A$7:A14,1)+1),"")
A17: =IF(F17<>"",(LARGE(A$7:A16,1)+1),"") | B17: SPLASHBACK TILING (PROVISIONAL QUANTITY)
A18: =IF(F18<>"",(LARGE(A$7:A17,1)+1),"")
A19: =IF(F19<>"",(LARGE(A$7:A18,1)+1),"") -> 3 | B19: Splashback Tile In Kitchen | C19: 5 | D19: m2 | E19: =G19+H19+J19+I19 -> 0 | F19: =E19*C19 -> 0 | G19: 0 | H19: 0 | I19: =IF(D19=0," ",(G19)*(Details!$C$4+Details!$C$8)) -> 0 | J19: =IF(D19=0," ",(H19)*(Details!$C$6+Details!$C$8)) -> 0 | K19: =+G19*C19 -> 0 | L19: =+H19*C19 -> 0 | M19: =IF(D19=0," ",(I19*C19)) -> 0 | N19: =IF(D19=0," ",(J19*C19)) -> 0
A20: =IF(F20<>"",(LARGE(A$7:A19,1)+1),"")
A21: =IF(F21<>"",(LARGE(A$7:A20,1)+1),"") | P21: Check
E22: Sub Total | F22: =SUM(F1:F21) -> 0 | J22: =IF(D22=0," ",(G22+H22)*(Details!$C$4+Details!$C$6)) | K22: =SUM(K1:K21) -> 0 | L22: =SUM(L1:L21) -> 0 | M22: =SUM(M1:M21) -> 0 | N22: =SUM(N1:N21) -> 0 | P22: =+F22-K22-L22-N22-M22 -> 0
A23: =IF(F23<>"",(LARGE(A$7:A22,1)+1),"") | J23: =IF(D23=0," ",(G23+H23)*(Details!$C$4+Details!$C$6))

Sheet Kitchens & Bathrooms
B2: =+'Qual, Excl & Assum'!B2 -> PROJECT:EXTERNAL AND INTERNAL REFURBISHMENT OF EXISTING APARTMENTS
B3: =+'Qual, Excl & Assum'!B3 -> DATE: 29TH OCTOBER 2025
B5: Kitchen & Bathrooms | G5: RATES | K5: TOTALS
B7: Description | C7: Quantity | D7: Unit | E7: Rate | F7: Total | G7: Labour | H7: Materials | I7: L Markup | J7: M Markup | K7: Labour | L7: Materials | M7: L Markup | N7: M Markup
N8: =IF(D8=0," ",(J8*C8))
B9: KITCHEN
A10: 1 | B10: Install Kitchen Countertop (0.6m Wide) | C10: 19 | D10: m2 | E10: =G10+H10+J10+I10 -> 0 | F10: =E10*C10 -> 0 | G10: 0 | H10: 0 | I10: =IF(D10=0," ",(G10)*(Details!$C$4+Details!$C$8)) -> 0 | J10: =IF(D10=0," ",(H10)*(Details!$C$6+Details!$C$8)) -> 0 | K10: =+G10*C10 -> 0 | L10: =+H10*C10 -> 0 | M10: =IF(D10=0," ",(I10*C10)) -> 0 | N10: =IF(D10=0," ",(J10*C10)) -> 0
A12: =IF(F12<>"",(LARGE(A$7:A10,1)+1),"") -> 2 | B12: Kitchen Range w/ Hood | C12: 8 | D12: no. | E12: =G12+H12+J12+I12 -> 0 | F12: =E12*C12 -> 0 | G12: 0 | H12: 0 | I12: =IF(D12=0," ",(G12)*(Details!$C$4+Details!$C$8)) -> 0 | J12: =IF(D12=0," ",(H12)*(Details!$C$6+Details!$C$8)) -> 0 | K12: =+G12*C12 -> 0 | L12: =+H12*C12 -> 0 | M12: =IF(D12=0," ",(I12*C12)) -> 0 | N12: =IF(D12=0," ",(J12*C12)) -> 0
A13: =IF(F13<>"",(LARGE(A$7:A11,1)+1),"")
A14: =IF(F14<>"",(LARGE(A$7:A12,1)+1),"") -> 3 | B14: Kitchen Sink | C14: 8 | D14: no. | E14: =G14+H14+J14+I14 -> 0 | F14: =E14*C14 -> 0 | G14: 0 | H14: 0 | I14: =IF(D14=0," ",(G14)*(Details!$C$4+Details!$C$8)) -> 0 | J14: =IF(D14=0," ",(H14)*(Details!$C$6+Details!$C$8)) -> 0 | K14: =+G14*C14 -> 0 | L14: =+H14*C14 -> 0 | M14: =IF(D14=0," ",(I14*C14)) -> 0 | N14: =IF(D14=0," ",(J14*C14)) -> 0
A15: =IF(F15<>"",(LARGE(A$7:A13,1)+1),"")
A16: =IF(F16<>"",(LARGE(A$7:A14,1)+1),"") | B16: BATHROOM WITH A SHOWER AND BATH
A17: =IF(F17<>"",(LARGE(A$7:A15,1)+1),"")
A18: =IF(F18<>"",(LARGE(A$7:A16,1)+1),"") | B18: Accessories
A19: =IF(F19<>"",(LARGE(A$7:A17,1)+1),"") -> 4 | B19: Soap Dispenser | C19: 8 | D19: no. | E19: =G19+H19+J19+I19 -> 0 | F19: =E19*C19 -> 0 | G19: 0 | H19: 0 | I19: =IF(D19=0," ",(G19)*(Details!$C$4+Details!$C$8)) -> 0 | J19: =IF(D19=0," ",(H19)*(Details!$C$6+Details!$C$8)) -> 0 | K19: =+G19*C19 -> 0 | L19: =+H19*C19 -> 0 | M19: =IF(D19=0," ",(I19*C19)) -> 0 | N19: =IF(D19=0," ",(J19*C19)) -> 0
A20: =IF(F20<>"",(LARGE(A$7:A18,1)+1),"")
A21: =IF(F21<>"",(LARGE(A$7:A19,1)+1),"") -> 5 | B21: Tissue Dispenser | C21: 8 | D21: no. | E21: =G21+H21+J21+I21 -> 0 | F21: =E21*C21 -> 0 | G21: 0 | H21: 0 | I21: =IF(D21=0," ",(G21)*(Details!$C$4+Details!$C$8)) -> 0 | J21: =IF(D21=0," ",(H21)*(Details!$C$6+Details!$C$8)) -> 0 | K21: =+G21*C21 -> 0 | L21: =+H21*C21 -> 0 | M21: =IF(D21=0," ",(I21*C21)) -> 0 | N21: =IF(D21=0," ",(J21*C21)) -> 0
A22: =IF(F22<>"",(LARGE(A$7:A20,1)+1),"")
A23: =IF(F23<>"",(LARGE(A$7:A21,1)+1),"") -> 6 | B23: Tooth Brush Holder | C23: 8 | D23: no. | E23: =G23+H23+J23+I23 -> 0 | F23: =E23*C23 -> 0 | G23: 0 | H23: 0 | I23: =IF(D23=0," ",(G23)*(Details!$C$4+Details!$C$8)) -> 0 | J23: =IF(D23=0," ",(H23)*(Details!$C$6+Details!$C$8)) -> 0 | K23: =+G23*C23 -> 0 | L23: =+H23*C23 -> 0 | M23: =IF(D23=0," ",(I23*C23)) -> 0 | N23: =IF(D23=0," ",(J23*C23)) -> 0
A24: =IF(F24<>"",(LARGE(A$7:A22,1)+1),"")
A25: =IF(F25<>"",(LARGE(A$7:A23,1)+1),"") -> 7 | B25: (0.6m x 0.9m) Wall Mounted Mirror | C25: 8 | D25: no. | E25: =G25+H25+J25+I25 -> 0 | F25: =E25*C25 -> 0 | G25: 0 | H25: 0 | I25: =IF(D25=0," ",(G25)*(Details!$C$4+Details!$C$8)) -> 0 | J25: =IF(D25=0," ",(H25)*(Details!$C$6+Details!$C$8)) -> 0 | K25: =+G25*C25 -> 0 | L25: =+H25*C25 -> 0 | M25: =IF(D25=0," ",(I25*C25)) -> 0 | N25: =IF(D25=0," ",(J25*C25)) -> 0
A26: =IF(F26<>"",(LARGE(A$7:A24,1)+1),"")
A27: =IF(F27<>"",(LARGE(A$7:A25,1)+1),"") -> 8 | B27: Hand Dryer | C27: 8 | D27: no. | E27: =G27+H27+J27+I27 -> 0 | F27: =E27*C27 -> 0 | G27: 0 | H27: 0 | I27: =IF(D27=0," ",(G27)*(Details!$C$4+Details!$C$8)) -> 0 | J27: =IF(D27=0," ",(H27)*(Details!$C$6+Details!$C$8)) -> 0 | K27: =+G27*C27 -> 0 | L27: =+H27*C27 -> 0 | M27: =IF(D27=0," ",(I27*C27)) -> 0 | N27: =IF(D27=0," ",(J27*C27)) -> 0
A28: =IF(F28<>"",(LARGE(A$7:A26,1)+1),"")
A29: =IF(F29<>"",(LARGE(A$7:A27,1)+1),"") -> 9 | B29: 0.9m Grab Bar | C29: 8 | D29: no. | E29: =G29+H29+J29+I29 -> 0 | F29: =E29*C29 -> 0 | G29: 0 | H29: 0 | I29: =IF(D29=0," ",(G29)*(Details!$C$4+Details!$C$8)) -> 0 | J29: =IF(D29=0," ",(H29)*(Details!$C$6+Details!$C$8)) -> 0 | K29: =+G29*C29 -> 0 | L29: =+H29*C29 -> 0 | M29: =IF(D29=0," ",(I29*C29)) -> 0 | N29: =IF(D29=0," ",(J29*C29)) -> 0
A30: =IF(F30<>"",(LARGE(A$7:A28,1)+1),"")
A31: =IF(F31<>"",(LARGE(A$7:A29,1)+1),"") -> 10 | B31: 1m Grab Bar | C31: 8 | D31: no. | E31: =G31+H31+J31+I31 -> 0 | F31: =E31*C31 -> 0 | G31: 0 | H31: 0 | I31: =IF(D31=0," ",(G31)*(Details!$C$4+Details!$C$8)) -> 0 | J31: =IF(D31=0," ",(H31)*(Details!$C$6+Details!$C$8)) -> 0 | K31: =+G31*C31 -> 0 | L31: =+H31*C31 -> 0 | M31: =IF(D31=0," ",(I31*C31)) -> 0 | N31: =IF(D31=0," ",(J31*C31)) -> 0
A32: =IF(F32<>"",(LARGE(A$7:A30,1)+1),"")
A33: =IF(F33<>"",(LARGE(A$7:A31,1)+1),"") | B33: Fixtures
A34: =IF(F34<>"",(LARGE(A$7:A32,1)+1),"") -> 11 | B34: Water Closet | C34: 8 | D34: no. | E34: =G34+H34+J34+I34 -> 0 | F34: =E34*C34 -> 0 | G34: 0 | H34: 0 | I34: =IF(D34=0," ",(G34)*(Details!$C$4+Details!$C$8)) -> 0 | J34: =IF(D34=0," ",(H34)*(Details!$C$6+Details!$C$8)) -> 0 | K34: =+G34*C34 -> 0 | L34: =+H34*C34 -> 0 | M34: =IF(D34=0," ",(I34*C34)) -> 0 | N34: =IF(D34=0," ",(J34*C34)) -> 0
A35: =IF(F35<>"",(LARGE(A$7:A33,1)+1),"")
A36: =IF(F36<>"",(LARGE(A$7:A34,1)+1),"") -> 12 | B36: Lavatory | C36: 8 | D36: no. | E36: =G36+H36+J36+I36 -> 0 | F36: =E36*C36 -> 0 | G36: 0 | H36: 0 | I36: =IF(D36=0," ",(G36)*(Details!$C$4+Details!$C$8)) -> 0 | J36: =IF(D36=0," ",(H36)*(Details!$C$6+Details!$C$8)) -> 0 | K36: =+G36*C36 -> 0 | L36: =+H36*C36 -> 0 | M36: =IF(D36=0," ",(I36*C36)) -> 0 | N36: =IF(D36=0," ",(J36*C36)) -> 0
A37: =IF(F37<>"",(LARGE(A$7:A35,1)+1),"")
A38: =IF(F38<>"",(LARGE(A$7:A36,1)+1),"") -> 13 | B38: Bath Tub | C38: 5 | D38: no. | E38: =G38+H38+J38+I38 -> 0 | F38: =E38*C38 -> 0 | G38: 0 | H38: 0 | I38: =IF(D38=0," ",(G38)*(Details!$C$4+Details!$C$8)) -> 0 | J38: =IF(D38=0," ",(H38)*(Details!$C$6+Details!$C$8)) -> 0 | K38: =+G38*C38 -> 0 | L38: =+H38*C38 -> 0 | M38: =IF(D38=0," ",(I38*C38)) -> 0 | N38: =IF(D38=0," ",(J38*C38)) -> 0
A39: =IF(F39<>"",(LARGE(A$7:A37,1)+1),"")
A40: =IF(F40<>"",(LARGE(A$7:A38,1)+1),"") -> 14 | B40: Shower | C40: 3 | D40: no. | E40: =G40+H40+J40+I40 -> 0 | F40: =E40*C40 -> 0 | G40: 0 | H40: 0 | I40: =IF(D40=0," ",(G40)*(Details!$C$4+Details!$C$8)) -> 0 | J40: =IF(D40=0," ",(H40)*(Details!$C$6+Details!$C$8)) -> 0 | K40: =+G40*C40 -> 0 | L40: =+H40*C40 -> 0 | M40: =IF(D40=0," ",(I40*C40)) -> 0 | N40: =IF(D40=0," ",(J40*C40)) -> 0
A41: =IF(F41<>"",(LARGE(A$7:A39,1)+1),"")
A42: =IF(F42<>"",(LARGE(A$7:A41,1)+1),"") | J42: =IF(D42=0," ",(G42+H42)*(Details!$C$4+Details!$C$6)) | P42: Check
E43: Sub Total | F43: =SUM(F1:F42) -> 0 | J43: =IF(D43=0," ",(G43+H43)*(Details!$C$4+Details!$C$6)) | K43: =SUM(K1:K42) -> 0 | L43: =SUM(L1:L42) -> 0 | M43: =SUM(M1:M42) -> 0 | N43: =SUM(N1:N42) -> 0 | P43: =+F43-K43-L43-N43-M43 -> 0
A44: =IF(F44<>"",(LARGE(A$7:A43,1)+1),"") | J44: =IF(D44=0," ",(G44+H44)*(Details!$C$4+Details!$C$6))

Sheet Electrical
B2: =+'Qual, Excl & Assum'!B2 -> PROJECT:EXTERNAL AND INTERNAL REFURBISHMENT OF EXISTING APARTMENTS
B3: =+'Qual, Excl & Assum'!B3 -> DATE: 29TH OCTOBER 2025
B5: Electrical | G5: RATES | K5: TOTALS
B7: Description | C7: Quantity | D7: Unit | E7: Rate | F7: Total | G7: Labour | H7: Materials | I7: L Markup | J7: M Markup | K7: Labour | L7: Materials | M7: L Markup | N7: M Markup
N8: =IF(D8=0," ",(J8*C8))
B9: ALLOWANCES
A11: 1 | B11: Allowances For Electrical Work (505 m2) | C11: 1 | D11: item | E11: =G11+H11+J11+I11 -> 0 | F11: =E11*C11 -> 0 | G11: 0 | H11: 0 | I11: =IF(D11=0," ",(G11)*(Details!$C$4+Details!$C$8)) -> 0 | J11: =IF(D11=0," ",(H11)*(Details!$C$6+Details!$C$8)) -> 0 | K11: =+G11*C11 -> 0 | L11: =+H11*C11 -> 0 | M11: =IF(D11=0," ",(I11*C11)) -> 0 | N11: =IF(D11=0," ",(J11*C11)) -> 0
J13: =IF(D13=0," ",(G13+H13)*(Details!$C$4+Details!$C$6)) | P13: Check
E14: Sub Total | F14: =SUM(F1:F12) -> 0 | J14: =IF(D14=0," ",(G14+H14)*(Details!$C$4+Details!$C$6)) | K14: =SUM(K1:K13) -> 0 | L14: =SUM(L1:L13) -> 0 | M14: =SUM(M1:M13) -> 0 | N14: =SUM(N1:N13) -> 0 | P14: =+F14-K14-L14-N14-M14 -> 0
A15: =IF(F15<>"",(LARGE(A$7:A14,1)+1),"") | J15: =IF(D15=0," ",(G15+H15)*(Details!$C$4+Details!$C$6))

Sheet Mechanical
B2: =+'Qual, Excl & Assum'!B2 -> PROJECT:EXTERNAL AND INTERNAL REFURBISHMENT OF EXISTING APARTMENTS
B3: =+'Qual, Excl & Assum'!B3 -> DATE: 29TH OCTOBER 2025
B5: Mechanical | G5: RATES | K5: TOTALS
B7: Description | C7: Quantity | D7: Unit | E7: Rate | F7: Total | G7: Labour | H7: Materials | I7: L Markup | J7: M Markup | K7: Labour | L7: Materials | M7: L Markup | N7: M Markup
N8: =IF(D8=0," ",(J8*C8))
B9: ALLOWANCES
A11: 1 | B11: Allowances For Mechanical Work (505 m2) | C11: 1 | D11: item | E11: =G11+H11+J11+I11 -> 0 | F11: =E11*C11 -> 0 | G11: 0 | I11: =IF(D11=0," ",(G11)*(Details!$C$4+Details!$C$8)) -> 0 | J11: =IF(D11=0," ",(H11)*(Details!$C$6+Details!$C$8)) -> 0 | K11: =+G11*C11 -> 0 | L11: =+H11*C11 -> 0 | M11: =IF(D11=0," ",(I11*C11)) -> 0 | N11: =IF(D11=0," ",(J11*C11)) -> 0
A13: =IF(F13<>"",(LARGE(A$7:A12,1)+1),"")
A14: =IF(F14<>"",(LARGE(A$7:A13,1)+1),"") | J14: =IF(D14=0," ",(G14+H14)*(Details!$C$4+Details!$C$6)) | P14: Check
E15: Sub Total | F15: =SUM(F1:F14) -> 0 | J15: =IF(D15=0," ",(G15+H15)*(Details!$C$4+Details!$C$6)) | K15: =SUM(K1:K14) -> 0 | L15: =SUM(L1:L14) -> 0 | M15: =SUM(M1:M14) -> 0 | N15: =SUM(N1:N14) -> 0 | P15: =+F15-K15-L15-N15-M15 -> 0
A16: =IF(F16<>"",(LARGE(A$7:A15,1)+1),"") | J16: =IF(D16=0," ",(G16+H16)*(Details!$C$4+Details!$C$6))

Sheet Material Takeoff Sheet
B2: =+'Qual, Excl & Assum'!B2 -> PROJECT:EXTERNAL AND INTERNAL REFURBISHMENT OF EXISTING APARTMENTS
B3: =+'Qual, Excl & Assum'!B3 -> DATE: 29TH OCTOBER 2025
B5: Preliminaries
B7: Description | C7: Quantity | D7: Unit
B9: Wall
A10: 1 | B10: 25x50mm Treated Timber Batten @ 400mm C.R.S (3.6 M) | C10: =ROUNDUP(528/3.6,0) -> 147 | D10: Pc's
A11: =IF(C11<>"",(LARGE(A$7:A10,1)+1),"") -> 2 | B11: 25x50mm Treated Timber Batten Vert. @ 545mm C.R.S (3.6 M) | C11: =ROUNDUP(15/3.6,0) -> 5 | D11: Pc's
A12: =IF(C12<>"",(LARGE(A$7:A11,1)+1),"") -> 3 | B12: 25x50mm Treated Timber Batten Horz. @ 600mm C.R.S (3.6m H) | C12: =ROUNDUP(14/3.6,0) -> 4 | D12: Pc's
A13: =IF(C13<>"",(LARGE(A$7:A12,1)+1),"") -> 4 | B13: 37.5x50mm Treated Timber Batten Horz. @ 600mm C.R.S (3.6 M) | C13: =ROUNDUP(37/3.6,0) -> 11 | D13: Pc's
A14: =IF(C14<>"",(LARGE(A$7:A13,1)+1),"") -> 5 | B14: 37.5x50mm Treated Timber Batten Vert. @ 400mm C.R.S (3.6 M) | C14: =ROUNDUP(55/3.6,0) -> 16 | D14: Pc's
A15: =IF(C15<>"",(LARGE(A$7:A14,1)+1),"") -> 6 | B15: 95x45mm Treated Timber Batten Horz. @ 600mm C.R.S (2.4 M) | C15: =ROUNDUP(331/2.4,0) -> 138 | D15: Pc's
A16: =IF(C16<>"",(LARGE(A$7:A15,1)+1),"") -> 7 | B16: 95x45mm Treated Timber Batten Vert. @ 1200mm C.R.S (2.4 M) | C16: =ROUNDUP(165/2.4,0) -> 69 | D16: Pc's
A17: =IF(C17<>"",(LARGE(A$7:A16,1)+1),"") -> 8 | B17: 95x45mm Sole Plate (3.6m L) | C17: 1 | D17: Pc's
A18: =IF(C18<>"",(LARGE(A$7:A17,1)+1),"") -> 9 | B18: GL1 Lining Channel' @ 545mm C.R.S (3.6 M) | C18: =ROUNDUP(131/3.6,0) -> 37 | D18: Pc's
A19: =IF(C19<>"",(LARGE(A$7:A18,1)+1),"") -> 10 | B19: GL8 Track @ Top & Bottom (3.6 M) | C19: =ROUNDUP(52/3.6,0) -> 15 | D19: Pc's
A20: =IF(C20<>"",(LARGE(A$7:A19,1)+1),"") -> 11 | B20: Sika Standard Drainage Membrane (2.05m W x 20m L x 6.5mm T) | C20: =ROUNDUP(258/41,0) -> 7 | D20: Rolls
A21: =IF(C21<>"",(LARGE(A$7:A20,1)+1),"") -> 12 | B21: Isover 'Acoustic Partition Roll' (25mm Thick) | C21: =ROUNDUP(71/24,0) -> 3 | D21: Rolls
A22: =IF(C22<>"",(LARGE(A$7:A21,1)+1),"") -> 13 | B22: K118' Insulated Plaster Board (1.2m W x 2.4m L x 62.5mm T) | C22: =ROUNDUP(293/2.88,0) -> 102 | D22: Sheets
A23: =IF(C23<>"",(LARGE(A$7:A22,1)+1),"") -> 14 | B23: Gyproc 'Wall Board' (1.2m W x 2.4m L x 12.5mm T) | C23: =ROUNDUP(233/2.88,0) -> 81 | D23: Sheets
A24: =IF(C24<>"",(LARGE(A$7:A23,1)+1),"") -> 15 | B24: Gyproc 'Wall Board' (1.2m W x 2.4m L x 15mm T) | C24: =ROUNDUP(306/2.88,0) -> 107 | D24: Sheets
A25: =IF(C25<>"",(LARGE(A$7:A24,1)+1),"") -> 16 | B25: Gyproc 'SoundBloc MR' Plaster Board Size: (1.2m W x 2.4m L x 12.5mm T) | C25: =ROUNDUP(71/2.88,0) -> 25 | D25: Sheets
A26: =IF(C26<>"",(LARGE(A$7:A25,1)+1),"") -> 17 | B26: Rockwool 'Sound Insulation Slab' Stone Wool Size: (0.6m W x 1.2m L x 70mm T) | C26: =ROUNDUP(80/0.72,0) -> 112 | D26: Sheets
A27: =IF(C27<>"",(LARGE(A$7:A26,1)+1),"") -> 18 | B27: Rockwool 'Sound Insulation Slab' Stone Wool Size: (0.6m W x 1.2m L x 50mm T) | C27: =ROUNDUP(133/0.72,0) -> 185 | D27: Sheets
A28: =IF(C28<>"",(LARGE(A$7:A27,1)+1),"") -> 19 | B28: 'K107 Framing Board' Rigid Thermoset Insulation Size: (1.2m W x 2.4m L x 75mm T) | C28: =ROUNDUP(74/2.88,0) -> 26 | D28: Sheets
A29: =IF(C29<>"",(LARGE(A$7:A28,1)+1),"") -> 20 | B29: Thistle 'Multi-Finish' Skim For (2.5mm thickness) 25Kg Bag Covers 8m2 Area | C29: =ROUNDUP(1105/8,0) -> 139 | D29: Bags
A30: =IF(C30<>"",(LARGE(A$7:A29,1)+1),"") -> 21 | B30: Gyproc 'DriWall Adhesive' dabs For (10mm Thickness) 25Kg Bag Covers 6m2 Area | C30: =ROUNDUP(337/6,0) -> 57 | D30: Bags
A31: =IF(C31<>"",(LARGE(A$7:A30,1)+1),"") -> 22 | B31: K Rend 'Silicone K1' For (20mm Thickness) 25Kg Bag | C31: =ROUNDUP(32*301/25,0) -> 386 | D31: Bags
B33: Finishes
A34: =IF(C34<>"",(LARGE(A$7:A33,1)+1),"") -> 23 | B34: Insulated Plasterboard Ceiling Size: (1.2m W x 2.4m L x 15mm T) | C34: =ROUNDUP(391/2.88,0) -> 136 | D34: Sheets
A35: =IF(C35<>"",(LARGE(A$7:A34,1)+1),"") -> 24 | B35: Engineered HardWood Flooring (Assumed) Size: (190mm W x 20mm T x 1.9m L) | C35: =ROUNDUP(358/0.361,0) -> 992 | D35: No. Of Planks
A36: =IF(C36<>"",(LARGE(A$7:A35,1)+1),"") -> 25 | B36: Tile Flooring (Assumed) Size: (600mm W x 600mm L) | C36: =ROUNDUP(33/0.36,0) -> 92 | D36: No. Of Tiles
A37: =IF(C37<>"",(LARGE(A$7:A36,1)+1),"") -> 26 | B37: Tile On Wall Size: (300mm W x 600mm L) | C37: =ROUNDUP(172/0.18,0) -> 956 | D37: No. Of Tiles
A38: =IF(C38<>"",(LARGE(A$7:A37,1)+1),"") -> 27 | B38: Paint On Wall | C38: =ROUNDUP(1008/12,0) -> 84 | D38: Litre
B40: Skirts
A41: =IF(C41<>"",(LARGE(A$7:A40,1)+1),"") -> 28 | B41: Wood Skirting (Assumed) (145mm H x 3m L) | C41: =264/3 -> 88 | D41: Pc's
A42: =IF(C42<>"",(LARGE(A$7:A41,1)+1),"") -> 29 | B42: Tile Skirting In Wet Areas (Assumed) (100mm H x 1.2m L) | C42: =48/1.2 -> 40 | D42: Pc's
B44: Kitchen & Bathroom
A45: =IF(C45<>"",(LARGE(A$7:A44,1)+1),"") -> 30 | B45: Kitchen Range w/ Hood | C45: 8 | D45: EA
A46: =IF(C46<>"",(LARGE(A$7:A45,1)+1),"") -> 31 | B46: Kitchen Sink | C46: 8 | D46: EA
A47: =IF(C47<>"",(LARGE(A$7:A46,1)+1),"") -> 32 | B47: 0.6m W Kitchen Countertop | C47: 18.68 | D47: M2
B49: Bath Accessories
A50: =IF(C50<>"",(LARGE(A$7:A49,1)+1),"") -> 33 | B50: Soap Dispenser | C50: 8 | D50: EA
A51: =IF(C51<>"",(LARGE(A$7:A50,1)+1),"") -> 34 | B51: Tissue Dispenser | C51: 8 | D51: EA
A52: =IF(C52<>"",(LARGE(A$7:A51,1)+1),"") -> 35 | B52: Tooth Brush Holder | C52: 8 | D52: EA
A53: =IF(C53<>"",(LARGE(A$7:A52,1)+1),"") -> 36 | B53: (0.6m x 0.9m) Wall Mounted Mirror | C53: 8 | D53: EA
A54: =IF(C54<>"",(LARGE(A$7:A53,1)+1),"") -> 37 | B54: Hand Dryer | C54: 8 | D54: EA
A55: =IF(C55<>"",(LARGE(A$7:A54,1)+1),"") -> 38 | B55: 0.9m Grab Bar | C55: 8 | D55: EA
A56: =IF(C56<>"",(LARGE(A$7:A55,1)+1),"") -> 39 | B56: 1m Grab Bar | C56: 8 | D56: EA
B58: Plumbing Fixtures
A59: =IF(C59<>"",(LARGE(A$7:A58,1)+1),"") -> 40 | B59: Water Closet | C59: 8 | D59: EA
A60: =IF(C60<>"",(LARGE(A$7:A59,1)+1),"") -> 41 | B60: Lavatory | C60: 8 | D60: EA
A61: =IF(C61<>"",(LARGE(A$7:A60,1)+1),"") -> 42 | B61: Shower | C61: 5 | D61: EA
A62: =IF(C62<>"",(LARGE(A$7:A61,1)+1),"") -> 43 | B62: Bath Tub | C62: 3 | D62: EA
B64: Joinery
A65: =IF(C65<>"",(LARGE(A$7:A64,1)+1),"") -> 44 | B65: (0.6m W x 0.8m H) Kitchen Lower Cabinet | C65: 32.39 | D65: M
A66: =IF(C66<>"",(LARGE(A$7:A65,1)+1),"") -> 45 | B66: (0.3m W x 0.8m H) Kitchen Upper Cabinet | C66: 30.2 | D66: M
A67: =IF(C67<>"",(LARGE(A$7:A66,1)+1),"") -> 46 | B67: (0.5m W x 2.4m H) Pantry Closet/Shelf | C67: 0.93 | D67: M
A68: =IF(C68<>"",(LARGE(A$7:A67,1)+1),"") -> 47 | B68: (0.8m W x 2m L) Kitchen Island | C68: 1.66 | D68: M2
B70: Opening
B72: Doors
A73: =IF(C73<>"",(LARGE(A$7:A72,1)+1),"") -> 48 | B73: (762mm x 2134mm) Single Leaf Solid Core Wood Door w/ Frame | C73: 17 | D73: EA
A74: =IF(C74<>"",(LARGE(A$7:A73,1)+1),"") -> 49 | B74: (710mm x 2032mm) Single Leaf Solid Core Wood Door w/ Frame | C74: 7 | D74: EA
A75: =IF(C75<>"",(LARGE(A$7:A74,1)+1),"") -> 50 | B75: (813mm x 2134mm) Single Leaf Solid Core Wood Door w/ Frame | C75: 2 | D75: EA
B77: Windows
A78: =IF(C78<>"",(LARGE(A$7:A77,1)+1),"") -> 51 | B78: (1.8m x 1.8m) Window w/ Frame | C78: 3 | D78: EA
A79: =IF(C79<>"",(LARGE(A$7:A78,1)+1),"") -> 52 | B79: (0.8m x 1.8m) Window w/ Frame | C79: 1 | D79: EA

Sheet Details
B2: MARKUP | J2: Total Inc Prelims | K2: =+Summary!D31 -> 0
B4: Contractors Markup - Labour | C4: 0.1 | D4: =+C4+1 -> 1.1 | J4: Calculation Total | K4: =+(Summary!F28+Summary!G28)*1.1 -> 0
M5: =CEILING((K4/K27),4) -> 0 | N5: Weeks
B6: Contractors Markup - Materials | C6: 0.1 | D6: =+C6+1 -> 1.1
J7: Range 1 | K7: 0 | L7: =IF(AND($K$4>=K7,$K$4<=K8),N7,O7) -> Yes | M7: 5000 | N7: Yes | O7: No
B8: Contractors Overheads | C8: 0.05 | D8: =+C8+1 -> 1.05 | K8: 50000
J9: Range 2 | K9: =K8 -> 50000 | L9: =IF(AND($K$4>=K9,$K$4<=K10),N9,O9) -> No | M9: 9000 | N9: Yes | O9: No
K10: 150000
J11: Range 3 | K11: =K10 -> 150000 | L11: =IF(AND($K$4>=K11,$K$4<=K12),N11,O11) -> No | M11: 10000 | N11: Yes | O11: No
K12: 350000
J13: Range 4 | K13: =K12 -> 350000 | L13: =IF(AND($K$4>=K13,$K$4<=K14),N13,O13) -> No | M13: 12500 | N13: Yes | O13: No
B14: Trades - Day Rates | C14: Client Day Rate £ | K14: 500000
B15: Groundworker | C15: 0 | J15: Range 5 | K15: =K14 -> 500000 | L15: =IF(AND($K$4>=K15,$K$4<=K16),N15,O15) -> No | M15: 14000 | N15: Yes | O15: No
B16: Bricklayer | C16: 300 | K16: 750000
B17: Roofer | C17: 0 | J17: Range 6 | K17: 750000 | L17: =IF(AND($K$4>=K17,$K$4<=K18),N17,O17) -> No | M17: 15500 | N17: Yes | O17: No
B18: Tiler | C18: 300 | K18: 1000000
B19: Carpenter | C19: 300 | J19: Range 7 | K19: =K18 -> 1000000 | L19: =IF(AND($K$4>=K19,$K$4<=K20),N19,O19) -> No | M19: 16750 | N19: Yes | O19: No
B20: Plasterer | C20: 0 | K20: 1250000
B21: General Trade | C21: 250 | J21: Range 8 | K21: =K20 -> 1250000 | L21: =IF(AND($K$4>=K21,$K$4<=K22),N21,O21) -> No | M21: 19000 | N21: Yes | O21: No
B22: Labourer | C22: 200 | K22: 1500000
B23: Decorator | C23: 0 | J23: Range 9 | K23: =K22 -> 1500000 | L23: =IF(AND($K$4>=K23,$K$4<=K24),N23,O23) -> No | M23: 20500 | N23: Yes | O23: No
B24: Plumber | C24: 0 | K24: 2000000
B25: Electrician | C25: 0 | J25: Range 10 - Over | K25: =K24 -> 2000000 | L25: =IF(AND($K$4>=K25,$K$4<=K26),N25,O25) -> No | M25: 27500 | N25: Yes | O25: No
K26: 500000000
J27: Calculation | K27: =IF(L7="Yes",M7)+IF(L9="Yes",M9)+IF(L11="Yes",M11)+IF(L13="Yes",M13)+IF(L15="Yes",M15)+IF(L17="Yes",M17)+IF(L19="Yes",M19)+IF(L21="Yes",M21)+IF(L23="Yes",M23) -> 5000
M29: Factor
M30: =+C15/250+IF(C15=0,1) -> 1
M31: =+C16/250+IF(C16=0,1) -> 1.2
M32: =+C17/250+IF(C17=0,1) -> 1
M33: =+C18/250+IF(C18=0,1) -> 1.2
M34: =+C19/250+IF(C19=0,1) -> 1.2
M35: =+C20/250+IF(C20=0,1) -> 1
M36: =+C21/220+IF(C21=0,1) -> 1.1363636
M37: =+C22/150+IF(C22=0,1) -> 1.3333333
M38: =+C23/220+IF(C23=0,1) -> 1
M39: =+C24/400+IF(C24=0,1) -> 1
M40: =+C25/400+IF(C25=0,1) -> 1
